 Dungeon Crawl Stone Soup version 0.32-a0-913-g739538a (webtiles) character file.

Game seed: 14206097509473992628

11632143 sekai the Heavyweight Champion (level 27, 377/377 HPs)
             Began as a Troll Chaos Knight on Apr 6, 2024.
             Was the Champion of Wu Jian.
             Escaped with the Orb
             ... and 11 runes on Apr 7, 2024!
             The game lasted 05:24:42 (74165 turns).

sekai the Heavyweight Champion (TrCK)              Turns: 74165, Time: 05:24:42

Health: 377/377    AC: 41    Str: 34    XL:     27
Magic:  31/31      EV: 14    Int:  8    God:    Wu Jian [******]
Gold:   13264      SH: 32    Dex: 11    Spells: 26/26 levels left

rFire   + +          +
                       - Unarmed
rCold   + + .        s - +8 tower shield {rF+}
rNeg    + + +        (body armour currently unavailable)
rPois   ∞            I - +3 hat of Hubris {^Drain rCorr Dex+6}
rElec   +            Y - scarf {rC+ rF+}
rCorr   +            (gloves unavailable)
SInv    .            (boots unavailable)
Will    ++...        i - amulet of regeneration
Stlth   +            v - ring of Satisfaction {rF+ rC+ rN+}
HPRegen 2.42/turn    H - ring of the Rabble {Fly rF+ rN+ MP+9}
MPRegen 0.22/turn

%: clarity
@: statue-form, flying, studying 4 skills, very slow
A: slow and powerful, torment resistance 1, boosted hp, large, unfitting armour,
claws 3, regeneration 1, (shaggy fur 1), (tough skin 1), clarity, clumsy 2,
frail 1, weak 2, persistent drain
0: Orb of Zot
}: 11/15 runes: decaying, serpentine, slimy, silver, golden, abyssal, demonic,
glowing, magical, fiery, dark
a: Begin Untransformation, Renounce Religion, Wall Jump, Serpent's Lash,
Heavenly Storm


You escaped.
You worshipped Wu Jian.
Wu Jian was exalted by your worship.
You were a living statue of rough stone.
You visited 13 branches of the dungeon, and saw 59 of its levels.
You visited Pandemonium 2 times, and saw 13 of its levels.
You visited the Abyss 6 times.
You visited 1 ziggurat, and saw 10 of its levels.
You also visited: Trove, Volcano, Wizlab and Desolation.

You collected 17378 gold pieces.
You spent 4114 gold pieces at shops.

Inventory:

Missiles
 a - 8 javelins
 h - 2 silver javelins (quivered)
 t - 8 throwing nets {!f}
 C - 5 atropa-tipped darts
 D - 22 curare-tipped darts {!f}
Armour
 s - a +8 tower shield of fire resistance (worn)
 I - the +3 hat of Hubris (worn) {^Drain rCorr Dex+6}
   (You acquired it on level 2 of the Depths)

   Dex+6:     It affects your dexterity (+6).
   rCorr:     It protects you from acid and corrosion.
   ^Drain:    It drains your maximum health when unequipped.
 Y - a scarf of resistance (worn)
Jewellery
 b - the ring "Ratzev" {Will+ Int+6}
   (You found it on level 5 of the Pits of Slime)

   [ring of intelligence]

   Int+6:     It affects your intelligence (+6).
   Will+:     It increases your willpower.
 i - an amulet of regeneration (around neck)
 q - the ring of Newyop {Ice rN+ Dex+3}
   (You found it on level 3 of the Snake Pit)

   [ring of ice]

   Ice:       It enhances your ice magic.
   Dex+3:     It affects your dexterity (+3).
   rF-:       It makes you vulnerable to fire.
   rC+:       It protects you from cold.
   rN+:       It protects you from negative energy.
 v - the ring of Satisfaction (left claw) {rF+ rC+ rN+}
   (You found it in Pandemonium)

   [ring of positive energy]

   rF+:       It protects you from fire.
   rC+:       It protects you from cold.
   rN+:       It protects you from negative energy.
 A - the ring "Hevat" {Fly rPois SInv}
   (You took it off an ironbound convoker on level 5 of the Vaults)

   [ring of see invisible]

   rPois:     It protects you from poison.
   SInv:      It lets you see invisible.
   Fly:       It grants you flight.
 H - the ring of the Rabble (right claw) {Fly rF+ rN+ MP+9}
   (You took it off a deep elf high priest on level 3 of the Elven Halls)

   [ring of magical power]

   rF+:       It protects you from fire.
   rN+:       It protects you from negative energy.
   MP+9:      It affects your magic capacity (+9).
   Fly:       It grants you flight.
 L - the ring of the Narrow God {^Drain rC+ Str+2 Int+3 Slay+4}
   (You took it off a ragged hierophant in the Desolation of Salt)

   [ring of slaying]

   Str+2:     It affects your strength (+2).
   Int+3:     It affects your intelligence (+3).
   Slay+4:    It affects your accuracy & damage with ranged weapons and melee
   (+4).
   rC+:       It protects you from cold.
   ^Drain:    It drains your maximum health when unequipped.
 T - the ring "Idauwoc" {rC+ Str+6 Dex+3}
   (You found it on level 5 of the Pits of Slime)

   [ring of strength]

   Str+6:     It affects your strength (+6).
   Dex+3:     It affects your dexterity (+3).
   rC+:       It protects you from cold.
 V - the ring of Absolutism {Wiz rPois rN+ Will+}
   (You found it on level 3 of the Tomb of the Ancients)

   [ring of wizardry]

   Wiz:       It improves your spell success rate.
   rPois:     It protects you from poison.
   rN+:       It protects you from negative energy.
   Will+:     It increases your willpower.
Talismans
 U - a granite talisman (active)
Wands
 y - a wand of digging (41)
 B - a wand of roots (113)
 J - a wand of acid (30)
 Q - a wand of polymorph (43)
 W - a wand of mindburst (56)
Scrolls
 d - 5 scrolls of revelation
 e - 17 scrolls of teleportation
 f - 2 scrolls of torment
 l - 16 scrolls of poison
 r - 7 scrolls of immolation
 E - 5 scrolls of summoning
 F - 10 scrolls of enchant weapon
 R - 9 scrolls of silence
 S - 10 scrolls of fog
 X - 14 scrolls of fear
Potions
 c - 7 potions of mutation
 j - 12 potions of attraction
 k - 4 potions of lignification
 n - 47 potions of curing
 o - 10 potions of enlightenment
 p - 9 potions of resistance
 u - a potion of heal wounds
 z - 5 potions of might
 G - 6 potions of cancellation
 K - 2 potions of haste
 M - a potion of berserk rage
 O - 5 potions of ambrosia
 P - 6 potions of invisibility
 Z - 9 potions of brilliance
Miscellaneous
 g - the horn of Geryon
 w - a figurine of a ziggurat
 x - a phial of floods
 N - a phantom mirror


   Skills:
 O Level 27 Fighting
 - Level 17.7 Throwing
 + Level 15.5 Dodging
 O Level 27 Shields
 O Level 27 Unarmed Combat
 + Level 18.3 Evocations
 O Level 27 Shapeshifting


You had 26 spell levels left.
You didn't know any spells.
Your spell library contained the following spells:

 Spells                   Type           Power      Damage    Failure   Level
 Apportation              Tloc           0%         N/A       41%         1
 Foxfire                  Conj/Fire      0%         2x1d4     41%         1
 Freeze                   Ice            0%         1d3       41%         1
 Magic Dart               Conj           0%         1d3       41%         1
 Necrotise                Necr           0%         1d4       41%         1
 Shock                    Conj/Air       0%         1d3       41%         1
 Slow                     Hex            0%         N/A       41%         1
 Sting                    Conj/Alch      0%         1d3       41%         1
 Summon Small Mammal      Summ           0%         N/A       41%         1
 Blink                    Tloc           0%         N/A       54%         2
 Call Imp                 Summ           0%         N/A       54%         2
 Cigotuvi's Dreadful Rot  Necr/Alch/Air  0%         N/A       54%         2
 Ensorcelled Hibernation  Hex/Ice        0%         N/A       54%         2
 Jinxbite                 Hex            0%         N/A       54%         2
 Lesser Beckoning         Tloc           0%         N/A       54%         2
 Momentum Strike          Conj/Tloc      0%         3d8       54%         2
 Scorch                   Fire           0%         2d5       54%         2
 Searing Ray              Conj           0%         2d4       54%         2
 Static Discharge         Conj/Air       0%         3-3/arc   54%         2
 Call Canine Familiar     Summ           0%         N/A       78%         3
 Confusing Touch          Hex            0%         N/A       78%         3
 Dazzling Flash           Conj/Hex       0%         N/A       78%         3
 Frozen Ramparts          Ice            0%         1d1       78%         3
 Fugue of the Fallen      Necr           0%         N/A       78%         3
 Hailstorm                Conj/Ice       0%         3d5       78%         3
 Inner Flame              Hex/Fire       0%         N/A       78%         3
 Maxwell's Portable Pile  Tloc           0%         2d(5-13)  78%         3
 Mephitic Cloud           Conj/Alch/Air  0%         N/A       78%         3
 Ozocubu's Armour         Ice            0%         N/A       78%         3
 Passwall                 Erth           0%         N/A       78%         3
 Sigil of Binding         Hex            0%         N/A       78%         3
 Summon Ice Beast         Ice/Summ       0%         N/A       78%         3
 Swiftness                Air            0%         N/A       78%         3
 Teleport Other           Tloc           0%         N/A       78%         3
 Tukima's Dance           Hex            0%         N/A       78%         3
 Vampiric Draining        Necr           0%         2d6       78%         3
 Volatile Blastmotes      Fire/Tloc      0%         2d10      78%         3
 Airstrike                Air            0%         2d(0-16)  99%         4
 Anguish                  Hex/Necr       0%         N/A       99%         4
 Animate Armour           Summ/Erth      0%         N/A       99%         4
 Animate Dead             Necr           0%         N/A       99%         4
 Brom's Barrelling Bould  Conj/Erth      0%         2d3       99%         4
 Cause Fear               Hex            0%         N/A       99%         4
 Dimensional Bullseye     Hex/Tloc       0%         N/A       99%         4
 Flame Wave               Conj/Fire      0%         2d4       99%         4
 Fulminant Prism          Conj/Alch      0%         3d5       99%         4
 Ignite Poison            Fire/Alch      0%         N/A       99%         4
 Iskenderun's Mystic Bla Conj/Tloc 0%             2d3        (+2d1     99%         4
 Leda's Liquefaction      Alch/Erth      0%         N/A       99%         4
 Martyr's Knell           Necr/Summ      0%         N/A       99%         4
 Olgreb's Toxic Radiance  Alch           0%         N/A       99%         4
 Passage of Golubria      Tloc           0%         N/A       99%         4
 Petrify                  Alch/Erth      0%         N/A       99%         4
 Sticky Flame             Fire/Alch      0%         2d4       99%         4
 Summon Blazeheart Golem  Fire/Summ      0%         N/A       99%         4
 Summon Lightning Spire   Summ/Air       0%         N/A       99%         4
 Vhi's Electric Charge    Tloc/Air       0%         N/A       99%         4
 Alistair's Intoxication  Alch           0%         N/A       100%        5
 Arcjolt                  Conj/Air       0%         1d10      100%        5
 Borgnjor's Vile Clutch   Necr/Erth      0%         N/A       100%        5
 Curse of Agony           Necr           0%         N/A       100%        5
 Fireball                 Conj/Fire      0%         3d3       100%        5
 Freezing Cloud           Conj/Ice/Air   0%         6-21      100%        5
 Irradiate                Conj/Alch      0%         3d11      100%        5
 Iskenderun's Battlesphe  Conj           0%         2d6       100%        5
 Lee's Rapid Deconstruct  Erth           0%         3d4*      100%        5
 Metabolic Englaciation   Hex/Ice        0%         N/A       100%        5
 Silence                  Hex/Air        0%         N/A       100%        5
 Summon Forest            Summ/Tloc      0%         N/A       100%        5
 Summon Mana Viper        Hex/Summ       0%         N/A       100%        5
 Yara's Violent Unravell  Hex/Alch       0%         3d3       100%        5
 Conjure Ball Lightning   Conj/Air       0%         3x3d6     100%        6
 Death Channel            Necr           0%         N/A       100%        6
 Dispersal                Tloc           0%         N/A       100%        6
 Eringya's Noxious Bog    Alch           0%         4d6       100%        6
 Gell's Gavotte           Tloc           0%         2d(11-16) 100%        6
 Permafrost Eruption      Ice/Erth       0%         2x4d1     100%        6
 Plasma Beam              Fire/Air       0%         2x1d10    100%        6
 Sculpt Simulacrum        Ice/Alch       0%         N/A       100%        6
 Starburst                Conj/Fire      0%         6d3       100%        6
 Summon Cactus Giant      Summ           0%         N/A       100%        6
 Enfeeble                 Hex            0%         N/A       100%        7
 Haunt                    Necr/Summ      0%         N/A       100%        7
 Manifold Assault         Tloc           0%         N/A       100%        7
 Monstrous Menagerie      Summ           0%         N/A       100%        7
 Orb of Destruction       Conj           0%         9d5       100%        7
 Ozocubu's Refrigeration  Ice            0%         4d7       100%        7
 Spellforged Servitor     Conj/Summ      0%         N/A       100%        7
 Borgnjor's Revivificati  Necr           0%         N/A       100%        8
 Discord                  Hex            0%         N/A       100%        8
 Disjunction              Tloc           0%         N/A       100%        8
 Ignition                 Fire           0%         3d3       100%        8
 Infestation              Necr           0%         N/A       100%        8
 Lehudib's Crystal Spear  Conj/Erth      0%         10d2      100%        8
 Maxwell's Capacitive Co  Air            0%         ∞         100%        8
 Chain Lightning          Conj/Air       0%         N/A       100%        9
 Death's Door             Necr           0%         N/A       100%        9
 Dragon's Call            Summ           0%         N/A       100%        9
 Fire Storm               Conj/Fire      0%         5d1       100%        9
 Polar Vortex             Ice            0%         N/A       100%        9
 Shatter                  Erth           0%         3d5*      100%        9
 Sublimation of Blood     Necr           Unusable   N/A       N/A         2

Dungeon Overview and Level Annotations

Branches:
Dungeon (15/15)            Temple (0/1) D:4            Lair (5/5) D:11
  Swamp (4/4) Lair:2        Snake (4/4) Lair:2        Slime (5/5) Lair:4
    Orc (2/2) D:12            Elf (3/3) Orc:2        Vaults (5/5) D:14
  Crypt (3/3) Vaults:2       Tomb (3/3) Crypt:3      Depths (4/4) D:15
   Hell (visited)             Dis (0/7) Hell            Geh (0/7) Hell
    Coc (0/7) Hell            Tar (0/7) Hell            Zot (5/5) Depths:4
Volcano (visited)          WizLab (visited)         Desolation (visited)

Altars:
Cheibriados
Dithmenos
Fedhas
Gozag
Kikubaaqudgha
Makhleb
Nemelex Xobeh
Okawaru
Qazlal
Uskayaw
Wu Jian
Xom
The Shining One
Beogh
Jiyva

Shops:
D:1 =   D:10 ?   Orc:1 *   Orc:2 =*[(*   Elf:1 =![:!![   Elf:2 *?*
Snake:2 (*?!   Vaults:1 *   Vaults:2 *   Vaults:4 *

Portals:
Hell: Depths:1 Depths:2 Depths:3 Depths:4
Abyss: Snake:3 Depths:2 Depths:3
Pandemonium: Depths:2


Innate Abilities, Weirdness & Mutations

You are a living statue of rough stone.
Your actions are slow, but your melee attacks are powerful.
You are resistant to unholy torment.
Your maximum health is greatly increased.
Your equipment is partially melded.
You are too large for most types of armour.
You are immune to poison.
You have claws for hands.
Your natural rate of healing is unusually fast.
((You are covered in fur. (AC +1)))
((You have tough skin. (AC +1)))
You possess an exceptional clarity of mind.
You are very clumsy. (Dex -4)
You are frail. (-10% HP)
You are very weak. (Str -4)
Your health recovers twice as slowly from being drained.


Message History

There is a staircase leading out of the dungeon here.
You start waiting.
A blizzard demon comes into view.
You eviscerate the blizzard demon!!!!
You kill the blizzard demon!
The Council accepts your kill.
No target in view!
No target in view!
No target in view!
There is a staircase leading out of the dungeon here.
You start waiting.
An Ice Fiend comes into view.
The Ice Fiend gestures at you. The bolt of cold hits you! You resist.
The Ice Fiend gestures at you. The bolt of cold hits you! You resist.
The Ice Fiend calls on the powers of darkness!
Your body is wracked with pain!
You mangle the Ice Fiend!!
The Ice Fiend is moderately wounded.
You eviscerate the Ice Fiend!!!
The Ice Fiend is severely wounded.
The Ice Fiend gestures at you. The bolt of cold hits you! You resist.
You scratch the Ice Fiend.
The Ice Fiend is severely wounded.
The Ice Fiend gestures at you. The bolt of cold hits you. You resist.
You mangle the Ice Fiend!!
You kill the Ice Fiend!
The Council accepts your kill.
You have finished your manual of Evocations and toss it away.
No target in view!
No target in view!
No target in view!
There is a staircase leading out of the dungeon here.
You start resting.
HP restored.
You can't go down here!
You have escaped!

..[# #.# ...######.# ...######.#
...######.# .#.######.######
.#........##...#
.......#####.>.####
.#.........(......#
.>....##....)...I.# #####
#.#.#.............# ##...#
....######################..#.#
...........................##.##
..##........†..##############..##
..#........††.................(..
..#.##.........####.######.######
..#.##.........+..#.# #.# #
...............##.#.# #.# ##


There were no monsters in sight!

Vanquished Creatures
  Cerebov (Pan)
  the Royal Jelly (Slime:5)
  Mnoleg (Pan)
  3 seraphim
  Gloorx Vloq (Pan)
  Lom Lobon (Pan)
  4 dread liches
  Khufu (Tomb:3)
  9 orbs of fire (Zot:5)
  6 ancient liches
  10 pandemonium lords
  Mennas (Crypt:2)
  2 juggernauts (Depths:2)
  34 royal mummies
  the Lernaean hydra (Swamp:4)
  Xtahua (Vaults:2)
  Bai Suzhen (Swamp:3)
  Vashnia (Snake:4)
  The ghost of kasel the Skinwalker, a veteran DrSh of Gozag (Zot:1)
  5 Killer Klowns
  2 curse toes
  Margery (Crypt:2)
  Geryon (Hell)
  7 caustic shrikes
  Nikola (Depths:1)
  the Enchantress (Depths:1)
  3 profane servitors
  7 golden dragons
  2 pearl dragons (Pan)
  3 bone dragons
  14 Brimstone Fiends
  3 Tzitzimimeh
  Jorgrun (Orc:2)
  4 electric golems
  16 tentacled monstrosities
  An iron giant (Zig:8)
  21 liches
  9 Ice Fiends
  5 hellephants
  34 Orb Guardians
  Mlioglotl (Swamp:4)
  A searing wretch (Zig:3)
  Asterion (Depths:1)
  3 deep elf blademasters
  17 Hell Sentinels
  2 deep elf master archers (Elf:3)
  A walking divine tome (Depths:2)
  9 quicksilver dragons
  14 titans
  10 ancient champions
  14 sphinxes
  19 acid blobs
  A walking frostbound tome (Depths:2)
  25 Executioners
  16 tentacled starspawn
  9 death cobs
  5 shadow dragons
  A thorn hunter (Swamp:4)
  10 storm dragons
  Aizul (Swamp:2)
  4 revenants
  10 protean progenitors
  10 tengu reavers
  The ghost of Luocsal the Severer, an adept CoGl of Gozag (Snake:3)
  18 azure jellies
  Donald (Swamp:2)
  19 nagarajas
  15 daevas
  6 demonspawn warmongers (Pan)
  13 rockslimes
  2 fire giants
  12 deep elf sorcerers
  11 frost giants
  5 draconian monks
  A quicksilver elemental (Zig:8)
  18 vault wardens
  3 draconian shifters
  A ghost moth (Zig:4)
  A juggernaut zombie (Hell)
  5 draconian knights
  7 draconian scorchers
  10 fenstrider witches
  4 imperial myrmidons (Desolation)
  3 emperor scorpions
  3 iron dragons
  A caustic shrike zombie (Hell)
  25 cacodemons
  Louise (Swamp:4)
  5 deep elf elementalists
  34 balrugs
  17 quicksilver oozes
  10 caustic shrike skeletons
  29 reapers
  6 orc warlords
  9 draconian annihilators
  31 angels
  16 stone giants
  5 spriggan defenders
  4 curse skulls
  18 ironbound preservers
  13 demonspawn blood saints
  7 formless jellyfish
  5 juggernaut skeletons (Pan)
  5 draconian stormcallers
  The ghost of yapang the Destroyer, a journeyman DrCj of Vehumet (Orc:2)
  15 ophanim
  2 ghouls (Swamp:3)
  13 very ugly things
  9 demonspawn black suns (Pan)
  9 demonspawn corrupters
  10 ironbound thunderhulks
  Nessos (D:15)
  28 apis (Pan)
  4 eleionomae
  3 vampire knights
  6 deep elf demonologists
  9 deep elf death magi
  A starflower (Abyss:3)
  7 green draconians
  7 black draconians
  14 bennus
  A halazid warlock (Desolation)
  7 war gargoyles
  6 red draconians
  3 bunyips
  An orange crystal statue (WizLab)
  6 white draconians
  3 dire elephants
  18 lorocyprocas
  14 deep elf annihilators
  9 spark wasps
  8 yellow draconians
  6 purple draconians
  8 eidola
  20 blizzard demons
  17 ettins
  23 mummy priests
  25 green deaths
  3 crystal guardians
  Josephine (D:13)
  3 iron golems (Hell)
  The ghost of cowcow the Basher, a journeyman DsGl of Gozag (Lair:4)
  7 jiangshi
  12 deep elf high priests
  11 fire dragons
  15 yaktaur captains
  An entropy weaver (Vaults:5)
  12 ragged hierophants
  A quicksilver dragon skeleton (Crypt:3)
  19 great orbs of eyes
  47 vault guards
  9 servants of whispers (Desolation)
  11 ice dragons
  2 salamander tyrants
  21 hydras
  3 hell beasts
  Harold (D:10)
  2 ogre magi
  A juggernaut simulacrum (Hell)
  13 alligators
  7 ironbound frosthearts
  9 spriggan air magi
  3 ghost crabs (Swamp:3)
  9 rakshasas
  A jorogumo (Pan)
  8 peacekeepers
  13 anacondas
  4 spriggan skeletons
  5 boulder beetles
  3 sphinx zombies
  2 catoblepae (Zig:9)
  10 centaur warriors
  A stoker (Hell)
  31 dancing weapons
  7 two-headed ogres
  A deep troll shaman (Depths:4)
  A sphinx skeleton (Depths:2)
  11 tengu warriors
  The ghost of sekai the Slicer, a journeyman VSGl of Uskayaw (D:12)
  A death knight (Vaults:2)
  25 death yaks
  7 vampire magi
  49 death scarabs
  14 occultists
  5 orc high priests
  2 satyrs (Pan)
  20 naga sharpshooters
  18 naga warriors
  14 shock serpents
  15 hell hogs
  25 demonic crawlers
  12 hell knights
  5 deep troll earth magi
  3 shock serpents (shapeshifter)
  16 spriggans
  4 spriggan berserkers
  18 deep elf knights
  99 sun demons
  10 wretched stars
  Nergalle (D:12)
  20 thrashing horrors
  2 titan skeletons
  4 hellephant skeletons (Pan)
  A crystal echidna (Zig:8)
  30 soul eaters
  A spectral red draconian (Zot:1)
  4 iron trolls
  5 salamander mystics
  5 goliath frogs
  A pharaoh ant (Zig:10)
  19 skeletal warriors
  A spark wasp zombie (Hell)
  2 skysharks
  A spectral white draconian (Zot:1)
  2 golden dragon zombies
  6 shadow wraiths
  39 sixfirhies
  15 deep elf archers
  A glowing orange brain (shapeshifter) (Vaults:5)
  2 quicksilver dragon simulacra (Zot:1)
  14 shadow demons
  2 spatial maelstroms (Abyss:3)
  38 deep trolls
  7 swamp dragons (Swamp:4)
  An obsidian statue (Zot:5)
  8 glowing orange brains
  10 arcanists
  6 bog bodies
  2 death drakes
  10 sun moths (Pan)
  2 steelbarb worms (Zig:10)
  19 flayed ghosts
  An orb spider (shapeshifter) (Depths:3)
  A bunyip skeleton (Hell)
  4 mana vipers
  21 phantasmal warriors
  16 cherubim
  A lindwurm (shapeshifter) (Vaults:3)
  7 spriggan druids
  2 anaconda zombies (Hell)
  2 naga ritualists (Snake:4)
  2 iron giant skeletons
  21 ironbound convokers
  25 orc knights
  A shadow dragon zombie (Hell)
  10 necromancers
  2 harpies (shapeshifter)
  2 anaconda skeletons
  8 lindwurms
  An obsidian bat (Abyss:2)
  4 thermic dynamos
  28 deep elf zephyrmancers
  A jorogumo zombie (Crypt:2)
  3 stone giant zombies
  30 deep elf pyromancers
  4 harpies
  9 shining eyes
  A spriggan simulacrum (Crypt:2)
  3 wolf spiders
  3 fire giant zombies (Hell)
  An oklob plant (Lair:2)
  7 cyclopes
  A faun (Zot:2)
  An alligator zombie (Hell)
  31 ugly things
  2 shadow dragon skeletons
  5 orc sorcerers
  An alligator skeleton (Hell)
  13 elephants
  19 salamanders
  4 worldbinders
  5 manticores
  8 will-o-the-wisps
  24 moths of wrath
  22 naga magi
  17 guardian serpents
  9 rust devils
  A dire elephant zombie (Abyss:4)
  3 kobold blastminers
  16 vault sentinels
  2 centaur zombies
  84 large abominations
  3 molten gargoyles
  9 gargoyles
  10 eyes of devastation
  A torpor snail (shapeshifter) (Vaults:5)
  34 black mambas
  4 apocalypse crabs
  35 smoke demons
  23 yaktaurs
  10 cane toads
  A torpor snail (Zig:10)
  26 orange demons
  A storm dragon simulacrum (Zot:1)
  2 dire elephant skeletons
  4 rime drakes
  4 centaur skeletons
  13 komodo dragons
  4 ice devils
  2 anaconda simulacra
  17 efreet
  14 hellions
  4 unseen horrors (Zot:2)
  5 kobold demonologists
  6 tormentors
  9 freezing wraiths
  An alligator snapping turtle skeleton (Crypt:2)
  13 ancient zymes
  2 tengu conjurers
  Psyche (D:8)
  50 guardian mummies
  13 red devils
  A polar bear (Lair:2)
  A queen bee (shapeshifter) (Lair:5)
  7 tyrant leeches
  A moth of wrath zombie (Crypt:1)
  A sea snake skeleton (Hell)
  A spectral moth of wrath (Zot:1)
  8 trolls
  5 harpy skeletons
  28 hellwings
  14 hornets
  A hydra skeleton (Hell)
  A wolf spider simulacrum (D:15)
  66 saltlings
  8 glass eyes
  2 hydra zombies (Hell)
  A spriggan zombie (Hell)
  A jumping spider (Zig:4)
  A fire giant simulacrum (Depths:2)
  A snapping turtle (shapeshifter) (Vaults:5)
  A stone giant simulacrum (Tomb:2)
  22 blink frogs
  A merfolk zombie (Crypt:2)
  54 raiju
  126 slime creatures
  A water elemental (Depths:2)
  2 ettin zombies (Hell)
  An ettin skeleton (Crypt:1)
  3 shadows
  An air elemental (Elf:1)
  14 wraiths
  3 culicivoras (Zig:10)
  45 ynoxinuls
  11 basilisks
  16 wyverns
  A human (Swamp:2)
  A yak (shapeshifter) (D:11)
  9 fire bats
  58 yaks
  18 ushabtiu
  3 fire elementals
  113 starcursed masses
  12 golden eyes
  27 neqoxecs
  2 wargs (Orc:1)
  5 redbacks
  2 black mamba skeletons
  A sea snake simulacrum (Hell)
  A yellow draconian simulacrum (Zot:1)
  4 steam dragons
  A white draconian simulacrum (Zot:1)
  47 chaos spawn
  A spatial vortex (Abyss:3)
  2 acid dragons
  61 nagas
  6 vampire mosquitoes
  4 naga zombies
  A harpy simulacrum (D:15)
  A tengu zombie (Hell)
  24 water moccasins
  19 swamp worms
  3 moth of wrath simulacra (Zot:1)
  4 hell hounds (Abyss:3)
  2 merfolk skeletons
  2 water moccasins (shapeshifter)
  A demonspawn skeleton (Crypt:1)
  A glowing shapeshifter skeleton (Crypt:2)
  An ice beast (shapeshifter) (D:14)
  58 laughing skulls
  2 sky beasts
  40 orc warriors
  8 swamp drakes
  A black bear (Lair:2)
  A merfolk simulacrum (Tomb:1)
  A blink frog zombie (Crypt:1)
  A hornet zombie (Crypt:2)
  6 ogres
  13 wolves
  A tengu (Abyss:3)
  7 boggarts
  A wolf (shapeshifter) (D:15)
  A lindwurm skeleton (Crypt:2)
  6 centaurs
  A swamp dragon skeleton (Crypt:2)
  2 lemures (D:4)
  22 kobold brigands
  4 weeping skulls (Abyss:3)
  13 bullfrogs
  A brain worm (shapeshifter) (Vaults:5)
  5 brain worms
  5 earth elementals
  A scorpion (D:5)
  34 small abominations
  13 wights
  10 killer bees
  4 electric eels
  6 howler monkeys
  6 lava snakes (Volcano)
  3 quasits
  2 hounds (D:5)
  2 bombardier beetles (D:5)
  25 orc priests
  2 jellies
  3 iron imps (Abyss:3)
  A sleepcap (D:7)
  2 iguanas (Lair:2)
  Natasha (thrice) (D:4)
  16 orc wizards
  A scorpion zombie (Crypt:1)
  4 hell rats (Hell)
  An ogre zombie (Crypt:1)
  A crocodile skeleton (Crypt:2)
  A hound skeleton (Crypt:1)
  60 mummies
  3 adders
  2 shadow imps (Abyss:3)
  5 white imps
  4 ufetubi
  An adder skeleton (Crypt:2)
  A dart slug (D:3)
  5 ribbon worms
  67 orcs
  A bat zombie (Crypt:2)
  6 endoplasms
  8 giant cockroaches
  9 goblins
  9 hobgoblins
  26 kobolds
  4 quokkas
  9 ball pythons
  4 bats
  3 frilled lizards
  2 rats (D:3)
  7 aspiring fleshes
  2 lurking horrors
  15 starspawn tentacles
4377 creatures vanquished.

Vanquished Creatures (collateral kills)
  A hydra (Swamp:4)
  A death yak (Lair:5)
  Pikel (D:4)
  An ugly thing (D:14)
  Grinder (D:4)
  A kobold brigand (D:11)
  A bullfrog (Lair:2)
  3 orc priests (Orc:2)
  A kobold (D:9)
11 creatures vanquished.

Vanquished Creatures (others)
  A deep elf blademaster (Elf:3)
  2 eldritch tentacles (Pan)
  An Executioner (Abyss:2)
  A deep elf death mage (Elf:3)
  An iron golem (Zig:8)
  A fire dragon (Abyss:4)
  An ogre mage (Abyss:4)
  A death yak (Lair:2)
  A naga warrior (Snake:4)
  A soul eater (Hell)
  3 deep elf knights
  2 deep elf archers
  A sea snake zombie (Hell)
  2 raiju (Abyss:4)
  A slime creature (D:14)
  A water elemental (Elf:3)
  A ynoxinul (Pan)
  4 fire bats (Abyss:4)
  A neqoxec (Abyss:4)
  3 golden eyes
  4 chaos spawn (Abyss:4)
  An acid dragon (Abyss:4)
  2 laughing skulls
  A tengu (Abyss:4)
  A bombardier beetle (D:5)
  An orc wizard (Orc:2)
  A hell rat (Hell)
  3 orcs
  9 ball lightnings (Pan)
  37 foxfires
  25 starspawn tentacles
115 creatures vanquished.

Grand Total: 4503 creatures vanquished

Notes
Turn   | Place    | Note
-------+----------+-------------------------------------------
     0 | D:1      | sekai the Troll Chaos Knight began the quest for the Orb.
     0 | D:1      | Reached XP level 1. HP: 22/22 MP: 0/0
    68 | D:1      | Found Xicunti's Jewellery Shop.
    79 | D:1      | XOM: silly message
   106 | D:1      | XOM: silly message
   151 | D:1      | Reached XP level 2. HP: 29/29 MP: 1/1
   589 | D:1      | Got Ymmicial's Directory of Breezy Toxicology
   610 | D:1      | XOM: summons 3 hostile shadow creatures
   708 | D:2      | XOM: 9-stop teleportation journey
   744 | D:2      | Reached XP level 3. HP: 36/36 MP: 2/2
   956 | D:2      | Found a faded altar of an unknown god.
  1241 | D:2      | XOM: scenery: summon butterflies
  1317 | D:2      | XOM: cloud trail
  1363 | D:3      | Found a blossoming altar of Fedhas.
  1374 | D:3      | Reached XP level 4. HP: 43/44 MP: 3/3
  1722 | D:3      | Reached skill level 1 in Shapeshifting
  2099 | D:3      | XOM: give mutations
  2099 | D:3      | Gained mutation: You are partially covered in iridescent
                  | scales. (AC +2) [Xom's grace]
  2099 | D:3      | Gained mutation: Your spells are a little harder to cast,
                  | but a little more powerful. [Xom's grace]
  2189 | D:4      | Reached XP level 5. HP: 53/53 MP: 4/4
  2203 | D:4      | Found a staircase to the Ecumenical Temple.
  2296 | D:4      | Found a glowing golden altar of the Shining One.
  2376 | D:4      | Noticed Natasha
  2383 | D:4      | XOM: divination: magic mapping
  2387 | D:4      | Killed Natasha
  2425 | D:4      | Noticed a lemure
  2425 | D:4      | Noticed a lemure
  2425 | D:4      | Noticed a lemure
  2425 | D:4      | Noticed a lemure
  2430 | D:4      | Killed a lemure
  2435 | D:4      | Noticed Pikel
  2438 | D:4      | Killed a lemure
  2439 | D:4      | XOM: summons friendly quasit
  2441 | D:4      | XOM: polymorph quasit -> hellwing
  2443 | D:4      | XOM: divination: detect items
  2446 | D:4      | XOM: smoke on damage
  2446 | D:4      | Killed Pikel
  2447 | D:4      | Reached XP level 6. HP: 53/62 MP: 5/5
  2447 | D:4      | Reached XP level 7. HP: 59/68 MP: 6/6
  2534 | D:4      | Noticed Grinder
  2543 | D:4      | Killed Grinder
  2718 | D:4      | Found a shadowy altar of Dithmenos.
  2876 | D:4      | Found a hide-covered altar of Uskayaw.
  2955 | D:4      | Noticed Natasha
  2961 | D:4      | Killed Natasha
  3011 | D:4      | Noticed Natasha
  3019 | D:4      | XOM: potion effect (attraction)
  3024 | D:4      | Killed Natasha
  3109 | D:5      | Entered Level 5 of the Dungeon
  3178 | D:5      | XOM: noise
  3179 | D:5      | Reached XP level 8. HP: 79/79 MP: 7/7
  3307 | D:5      | XOM: 1-stop teleportation journey
  3364 | D:5      | XOM: 3-stop teleportation journey
  3384 | D:5      | XOM: cloud trail
  3603 | D:5      | XOM: god gift: serpent talisman
  3620 | D:5      | XOM: summons 1 hostile demon
  3967 | D:6      | Reached skill level 1 in Shields
  4066 | D:6      | XOM: smoke on damage
  4179 | D:6      | Reached skill level 5 in Fighting
  4242 | D:6      | XOM: blink monster(s)
  4259 | D:6      | Identified the +1 robe "Waebbur" {Str+5 Archmagi}
  4347 | D:6      | XOM: summons 4 hostile shadow creatures
  4353 | D:6      | XOM: silly message
  4446 | D:6      | XOM: stat loss: -1 Int (7/8)
  4539 | D:6      | Found an ancient bone altar of Kikubaaqudgha.
  4637 | D:6      | XOM: summons 3 hostile shadow creatures
  4643 | D:6      | XOM: polymorph ice beast -> water moccasin
  4806 | D:7      | XOM: 1-stop teleportation journey
  4863 | D:7      | XOM: confusion
  4867 | D:7      | XOM: give mutations
  4867 | D:7      | Gained mutation: You are agile. (Dex +4, Str/Int -1) [Xom's
                  | mischief]
  4867 | D:7      | Gained mutation: You have hidden genetic defects. [Xom's
                  | mischief]
  4867 | D:7      | Gained mutation: You occasionally lose the ability to drink
                  | potions when taking damage. [Xom's mischief]
  4867 | D:7      | Lost mutation: You have hidden genetic defects. [Xom's
                  | mischief]
  4880 | D:7      | Reached XP level 9. HP: 88/88 MP: 8/8
  4965 | D:7      | XOM: blink monster(s)
  5166 | D:7      | Noticed a two-headed ogre
  5175 | D:7      | Killed a two-headed ogre
  5176 | D:7      | Reached skill level 5 in Shapeshifting
  5656 | D:8      | XOM: summons 5 hostile demons
  5657 | D:8      | Noticed an ice devil
  5657 | D:8      | Noticed a red devil
  5775 | D:8      | Noticed Psyche
  5785 | D:8      | Killed Psyche
  5829 | D:8      | XOM: 2-stop teleportation journey
  5998 | D:8      | XOM: scenery: summon butterflies
  6031 | D:8      | XOM: stat loss: -1 Dex (12/13)
  6213 | D:9      | Noticed a kobold demonologist
  6216 | D:9      | XOM: summons friendly ufetubus
  6228 | D:9      | Reached skill level 10 in Unarmed Combat
  6230 | D:9      | XOM: silly message
  6247 | D:9      | Reached XP level 10. HP: 98/98 MP: 9/9
  6277 | D:9      | XOM: 2-stop teleportation journey
  6315 | D:9      | Noticed a soul eater
  6317 | D:9      | XOM: fog
  6698 | D:9      | Noticed a two-headed ogre
  6705 | D:9      | Killed a two-headed ogre
  6706 | D:9      | Reached skill level 5 in Shields
  6708 | D:9      | XOM: cast spell 'Olgreb's Toxic Radiance'
  6746 | D:9      | Found an ornate altar of the Wu Jian Council.
  6747 | D:9      | Found a sparkling altar of Nemelex Xobeh.
  6749 | D:9      | Found a burning altar of Makhleb.
  6762 | D:9      | Found a stormy altar of Qazlal.
  6769 | D:9      | Found a snail-covered altar of Cheibriados.
  6853 | D:9      | XOM: silly message
  6931 | D:10     | Entered Level 10 of the Dungeon
  6953 | D:10     | Noticed a gargoyle
  6959 | D:10     | Found an iron altar of Okawaru.
  6959 | D:10     | Noticed Harold
  6962 | D:10     | Killed a gargoyle
  6974 | D:10     | Killed Harold
  6988 | D:10     | XOM is BORED!
  6988 | D:10     | XOM: stat loss: -3 Str (22/25)
  7007 | D:10     | Noticed a two-headed ogre
  7016 | D:10     | XOM: enchant monster (good)
  7040 | D:10     | Killed a two-headed ogre
  7089 | D:10     | XOM: silly message
  7103 | D:10     | XOM: confuse monster(s)
  7107 | D:10     | Reached XP level 11. HP: 109/109 MP: 10/10
  7133 | D:10     | Noticed a two-headed ogre
  7138 | D:10     | Killed a two-headed ogre
  7143 | D:10     | XOM: cast spell 'Fugue of the Fallen'
  7149 | D:10     | XOM: cleaving
  7269 | D:10     | Found Coelisan's Magic Scroll Emporium.
  7298 | D:10     | Bought a scroll of identify for 32 gold pieces
  7298 | D:10     | Bought a scroll of fear for 64 gold pieces
  7435 | D:10     | XOM: confusion (+ monsters)
  7548 | D:10     | Noticed a two-headed ogre
  7556 | D:10     | XOM: silly message
  7557 | D:10     | Killed a two-headed ogre
  7592 | D:10     | XOM: blink monster(s)
  7664 | D:10     | XOM: god gift: 7 stones
  7800 | D:10     | XOM: noise
  8129 | D:10     | Identified a scroll of acquirement
  8129 | D:10     | Acquired 488 gold pieces
  8265 | D:11     | XOM: potion effect (might)
  8301 | D:11     | XOM: confuse monster(s)
  8395 | D:11     | XOM: cast spell 'Leda's Liquefaction'
  8399 | D:11     | Noticed a white ugly thing
  8474 | D:11     | Noticed a two-headed ogre
  8476 | D:11     | XOM: divination: magic mapping
  8483 | D:11     | XOM: noise
  8488 | D:11     | XOM: divination: magic mapping
  8490 | D:11     | Killed a two-headed ogre
  8497 | D:11     | XOM: scenery: create altars
  8562 | D:11     | XOM: cast spell 'Olgreb's Toxic Radiance'
  8566 | D:11     | Killed a white ugly thing
  8599 | D:11     | Noticed a boulder beetle
  8623 | D:11     | Killed a boulder beetle
  8624 | D:11     | Reached XP level 12. HP: 115/119 MP: 11/11
  8643 | D:11     | XOM: summons 3 friendly demons
  8716 | D:11     | Noticed a two-headed ogre
  8723 | D:11     | Killed a two-headed ogre
  8743 | D:11     | XOM: god gift: scroll of summoning
  8929 | D:11     | XOM: 7-stop teleportation journey
  9103 | D:11     | XOM: polymorph komodo dragon -> shapeshifter
  9148 | D:11     | XOM: enchant monster (good)
  9160 | D:11     | XOM: scenery: create altars
  9245 | D:11     | Found a staircase to the Lair.
  9476 | D:12     | Noticed Nergalle
  9491 | D:12     | Killed Nergalle
  9528 | D:12     | Found a runed translucent gate.
  9528 | D:12     | Found a runed translucent gate.
  9530 | D:12     | Found a runed translucent gate.
  9531 | D:12     | Noticed sekai's ghost (journeyman VSGl)
  9561 | D:12     | XOM: summons friendly crimson imp
  9693 | D:12     | XOM: scenery: 1 doors close
  9735 | D:12     | XOM: confuse monster(s)
  9756 | D:12     | You fall into a shaft and drop 2 floors!
  9801 | D:14     | XOM: 2-stop teleportation journey
  9823 | D:14     | Noticed a six-headed hydra
  9834 | D:14     | Killed a seven-headed hydra
  9905 | D:14     | XOM: summons 2 friendly demons
  9916 | D:14     | XOM: destruction
  9922 | D:14     | XOM: scenery: 1 doors open
  9983 | D:14     | Noticed a centaur warrior
  9988 | D:14     | XOM: cast spell 'Metabolic Englaciation'
  9990 | D:14     | Noticed a vault guard
  9990 | D:14     | Noticed a vault guard
  9990 | D:14     | Noticed a vault guard
  9990 | D:14     | XOM: 5-stop teleportation journey
 10035 | D:12     | XOM: divine lightning
 10109 | D:12     | XOM: summons 7 hostile demons
 10172 | D:12     | XOM: confuse monster(s)
 10233 | D:12     | XOM: silly message
 10257 | D:12     | Reached XP level 13. HP: 56/131 MP: 12/12
 10321 | D:12     | Found a staircase to the Orcish Mines.
 10436 | D:11     | Identified the +1 scale mail "Aroppah" {Str+3 Int+2}
 10521 | Lair:1   | Entered Level 1 of the Lair of Beasts
 10537 | D:11     | XOM: summons 2 friendly demons
 10576 | Lair:1   | XOM: noise
 10979 | Lair:1   | XOM: potion effect (invisibility)
 11007 | Lair:1   | XOM: silly message
 11029 | Lair:1   | XOM: silly message
 11066 | Lair:1   | XOM: noise
 11237 | Lair:2   | Found a shimmering altar of Xom.
 11288 | Lair:2   | Reached skill level 15 in Unarmed Combat
 11290 | Lair:2   | XOM: divination: detect items
 11297 | Lair:2   | XOM: potion effect (might)
 11304 | Lair:2   | Found a staircase to the Swamp.
 11352 | Lair:2   | XOM: divination: magic mapping
 11446 | Lair:2   | XOM: confusion (+ monsters)
 11541 | Lair:2   | XOM: god gift: scroll labelled UWOIFE ROQUI {god gift}
 11586 | Lair:2   | Found a staircase to the Snake Pit.
 11626 | Lair:2   | XOM: god gift: 48 gold pieces
 11892 | Lair:2   | XOM: enchant monster (good)
 11920 | Lair:2   | Reached skill level 10 in Shapeshifting
 12464 | Lair:2   | XOM: butterfly on damage
 12541 | Lair:3   | XOM: cast spell 'Summon Mana Viper'
 12551 | Lair:3   | XOM: 3-stop teleportation journey
 12736 | Lair:3   | XOM: divination: detect creatures
 12858 | Lair:3   | XOM: confuse monster(s)
 12861 | Lair:3   | XOM: noise
 13003 | Lair:3   | XOM: divination: magic mapping
 13013 | Lair:3   | Reached skill level 10 in Fighting
 13020 | Lair:3   | XOM: noise
 13119 | Lair:3   | XOM: potion effect (attraction)
 13126 | Lair:3   | Reached XP level 14. HP: 136/143 MP: 13/13
 13132 | Lair:3   | XOM: divination: detect items
 13170 | Lair:3   | XOM: potion effect (brilliance)
 13171 | Lair:3   | XOM: silly message
 13533 | Lair:4   | XOM: noise
 13536 | Lair:4   | XOM: potion effect (haste)
 13588 | Lair:4   | XOM: enchant monster (good)
 13745 | Lair:4   | Found a runed translucent door.
 13745 | Lair:4   | Found a shimmering altar of Xom.
 13745 | Lair:4   | Noticed cowcow's ghost (journeyman DsGl)
 13794 | Lair:4   | You fall into a shaft and drop 1 floor!
 13794 | Lair:5   | Entered Level 5 of the Lair of Beasts
 13824 | Lair:4   | Found a staircase to the Slime Pits.
 13825 | Lair:4   | Found a viscous altar of Jiyva.
 13846 | Lair:4   | XOM: cast spell 'Cause Fear'
 13907 | Lair:4   | Found a dark tunnel.
 13912 | Volcano  | Entered a volcano
 14075 | Volcano  | XOM: smoke on damage
 14107 | Volcano  | XOM: scenery: summon butterflies
 14107 | Volcano  | Noticed a stone giant
 14115 | Volcano  | XOM: summons 2 friendly demons
 14122 | Volcano  | Killed a stone giant
 14133 | Volcano  | Found a radiant altar of Vehumet.
 14172 | Volcano  | Found a radiant altar of Vehumet.
 14259 | Lair:4   | XOM: stat loss: -1 Str (25/26)
 14263 | Lair:4   | XOM: stat loss: -1 Int (6/7)
 14284 | Lair:4   | XOM: potion effect (invisibility)
 14347 | Lair:4   | Identified the +5 whip of the Winnowing Gods {vamp, rC++
                  | Str+2}
 14680 | Lair:5   | XOM: potion effect (invisibility)
 14867 | Lair:5   | XOM: smoke on damage
 14883 | Lair:5   | XOM: potion effect (haste)
 14893 | Lair:5   | XOM: silly message
 14899 | Lair:5   | XOM: potion effect (attraction)
 14980 | Lair:5   | XOM: snakes to sticks
 14981 | Lair:5   | XOM: smoke on damage
 14996 | Lair:5   | XOM: polymorph cane toad -> shapeshifter
 15010 | Lair:5   | XOM: cleaving
 15013 | Lair:5   | XOM: fake destruction
 15025 | Lair:5   | XOM: cast spell 'Animate Armour'
 15078 | Lair:5   | XOM: noise
 15097 | Lair:5   | XOM: divination: magic mapping
 15099 | Lair:5   | Reached XP level 15. HP: 75/153 MP: 14/14
 15099 | Lair:5   | XOM: noise
 15180 | Lair:5   | XOM: 2-stop teleportation journey
 15200 | Lair:5   | XOM: blink monster(s)
 15281 | Lair:5   | XOM: 4-stop teleportation journey
 15334 | Lair:5   | XOM: summons 9 friendly demons
 15500 | Lair:5   | XOM: scenery: summon butterflies
 15670 | Lair:5   | XOM: god gift: 33 gold pieces
 15688 | Lair:5   | XOM: enchant monster (good)
 15690 | Lair:5   | XOM: fog
 15726 | Lair:5   | XOM: scenery: summon butterflies
 15734 | Lair:5   | HP: 5/154 [death yak (21)]
 16135 | Lair:5   | XOM: cloud trail
 16223 | Lair:5   | XOM: divination: detect creatures
 16754 | D:13     | Noticed Josephine
 16771 | D:13     | Killed Josephine
 16774 | D:13     | XOM: summons friendly white imp
 17199 | D:13     | XOM: god gift: 48 gold pieces
 17372 | D:13     | XOM: divination: detect creatures
 17505 | D:14     | XOM: confusion (+ monsters)
 17516 | D:13     | XOM: divination: detect items
 17517 | D:13     | XOM: potion effect (experience)
 17517 | D:13     | Reached XP level 16. HP: 156/163 MP: 15/15
 17701 | D:14     | Found a gate to the Vaults.
 17905 | D:14     | XOM: butterfly on damage
 17910 | D:14     | XOM: enchant monster (good)
 18204 | D:15     | Entered Level 15 of the Dungeon
 18220 | D:15     | Reached XP level 17. HP: 172/172 MP: 16/16
 18248 | D:15     | Noticed Nessos
 18255 | D:15     | Killed Nessos
 18256 | D:15     | XOM: cast spell 'Fugue of the Fallen'
 18408 | D:15     | XOM: fog
 18442 | D:15     | Found a staircase to the Depths.
 18594 | D:15     | XOM: potion effect (invisibility)
 18774 | D:15     | Found an ornate altar of the Wu Jian Council.
 18940 | D:15     | XOM: give mutations
 18940 | D:15     | Gained mutation: You are robust. (+10% HP) [Xom's grace]
 18940 | D:15     | Gained mutation: You are covered in thick fur. (AC +2)
                  | [Xom's grace]
 18940 | D:15     | Gained mutation: You are mostly covered in iridescent
                  | scales. (AC +4) [Xom's grace]
 18940 | D:15     | Gained mutation: Your muscles are strong. (Str +4, Int/Dex
                  | -1) [Xom's grace]
 18987 | D:15     | Fell from the grace of Xom
 18987 | D:15     | Became a worshipper of the Wu Jian Council
 19096 | Orc:1    | Entered Level 1 of the Orcish Mines
 19144 | Orc:1    | Found Puall's General Store.
 19150 | Orc:1    | Bought a +2 cloak of preservation for 322 gold pieces
 19312 | Orc:1    | Found a roughly hewn altar of Beogh.
 19445 | Orc:1    | Reached * piety under Wu Jian
 19602 | Orc:2    | Entered Level 2 of the Orcish Mines
 19607 | Orc:2    | Noticed Jorgrun
 19621 | Orc:2    | Killed Jorgrun
 19634 | Orc:2    | Found Jiytz's General Store.
 19634 | Orc:2    | Found Xibiqiv's Jewellery Emporium.
 19634 | Orc:2    | XOM: 2-stop teleportation journey
 19639 | Orc:2    | Found Imoekyc's Antique Armour Shoppe.
 19639 | Orc:2    | Found Qufu's Antique Weapon Shoppe.
 19646 | Orc:2    | Paralysed by an orc sorcerer for 4 turns
 19748 | Orc:2    | Reached ** piety under Wu Jian
 19849 | Orc:2    | Reached skill level 15 in Shapeshifting
 19921 | Orc:2    | Found Qosep's Gadget Gallery.
 19933 | Orc:2    | Found a staircase to the Elven Halls.
 20090 | Orc:2    | Found a runed translucent door.
 20090 | Orc:2    | Noticed yapang's ghost (journeyman DrCj)
 20161 | Orc:2    | Killed yapang's ghost
 20286 | Orc:2    | Bought an amulet of regeneration for 420 gold pieces
 20880 | Swamp:1  | Entered Level 1 of the Swamp
 21210 | Swamp:1  | Acquired a manual of Dodging
 21376 | Swamp:2  | Reached XP level 18. HP: 200/200 MP: 17/17
 21464 | Swamp:2  | Reached *** piety under Wu Jian
 21483 | Swamp:2  | Reached skill level 5 in Dodging
 21590 | Swamp:2  | Found a runed translucent door.
 21638 | Swamp:2  | Identified the serpent talisman of Fashionability {Int+2}
 21638 | Swamp:2  | Noticed Aizul
 21644 | Swamp:2  | Killed Aizul
 21840 | Swamp:2  | Noticed Donald
 21843 | Swamp:2  | Killed Donald
 21844 | Swamp:2  | Reached skill level 10 in Shields
 22116 | Swamp:3  | XOM: enchant monster (bad)
 22131 | Swamp:3  | XOM: silly message
 22155 | Swamp:2  | Reached **** piety under Wu Jian
 22309 | Swamp:3  | XOM: noise
 22742 | Swamp:4  | Entered Level 4 of the Swamp
 22942 | Swamp:4  | Noticed Mlioglotl
 22950 | Swamp:4  | Killed Mlioglotl
 22996 | Swamp:4  | Noticed Bai Suzhen
 23012 | Swamp:3  | Killed Bai Suzhen
 23139 | Swamp:4  | Noticed the 27-headed Lernaean hydra
 23160 | Swamp:4  | Killed the 26-headed Lernaean hydra
 23279 | Swamp:4  | Got a decaying rune of Zot
 23358 | Swamp:4  | Noticed Louise
 23382 | Swamp:4  | Killed Louise
 23602 | Swamp:4  | XOM: noise
 23775 | Snake:1  | Entered Level 1 of the Snake Pit
 23876 | Snake:1  | Reached XP level 19. HP: 212/212 MP: 18/18
 23890 | Snake:1  | Reached ***** piety under Wu Jian
 23970 | Snake:1  | XOM: noise
 24973 | Snake:2  | Found Raija's Magic Scroll Shoppe.
 24975 | Snake:2  | Found Woraiwn's Distillery.
 24975 | Snake:2  | Found Xoiseufe's Antique Weapon Emporium.
 25018 | Snake:2  | Found Hodaresk's Assorted Antiques.
 25020 | Snake:2  | Bought a scroll of teleportation for 48 gold pieces
 25023 | Snake:2  | Bought a potion of heal wounds for 75 gold pieces
 25023 | Snake:2  | Bought a potion of curing for 45 gold pieces
 25023 | Snake:2  | Bought 2 potions of resistance for 300 gold pieces
 25026 | Snake:2  | Bought 2 potions of might for 336 gold pieces
 25026 | Snake:2  | Bought a scroll of teleportation for 126 gold pieces
 25206 | Snake:3  | XOM: noise
 25286 | Snake:3  | XOM: noise
 25474 | Snake:3  | Noticed Luocsal's ghost (adept CoGl)
 25478 | Snake:3  | Found a transporter.
 25479 | Snake:3  | Found a one-way gate to the infinite horrors of the Abyss.
 25483 | Snake:3  | XOM: summons 1 hostile demon
 25494 | Snake:3  | Found a transporter.
 25816 | Snake:4  | Entered Level 4 of the Snake Pit
 25830 | Snake:4  | Reached skill level 10 in Dodging
 25913 | Snake:4  | Reached ****** piety under Wu Jian
 25954 | Snake:4  | XOM: scenery: create altars
 26043 | Snake:4  | Got a serpentine rune of Zot
 26129 | Snake:4  | Noticed Vashnia
 26155 | Snake:4  | Killed Vashnia
 26210 | Abyss:2  | Cast into level 2 of the Abyss (Xom)
 26214 | Abyss:2  | Found a corrupted altar of Lugonu.
 26255 | Abyss:2  | Reached XP level 20. HP: 172/225 MP: 19/19
 26348 | Snake:4  | Escaped the Abyss
 26526 | Snake:4  | XOM: summons 11 hostile demons
 26595 | Snake:4  | Identified the +0 ring mail "Ireun" {rElec Str+3 Int+4
                  | Stlth-}
 26717 | Snake:4  | Identified the +14 plate armour "Bydeffex" {*Slow +Blink
                  | rN+ Stlth+}
 26954 | Abyss:2  | Cast into level 2 of the Abyss (an occultist)
 27101 | Abyss:2  | Found a corrupted altar of Lugonu.
 27145 | Abyss:2  | Lost mutation: You are mostly covered in iridescent scales.
                  | (AC +4) [a neqoxec]
 27221 | Abyss:2  | Paralysed by accursed screaming for 1 turns
 27271 | Abyss:2  | Noticed a dread lich
 27271 | Abyss:2  | Paralysed by a dread lich for 5 turns
 27292 | Abyss:2  | Killed a dread lich
 27299 | Snake:3  | Escaped the Abyss
 27342 | Snake:3  | Killed Luocsal's ghost
 27345 | Snake:3  | Identified the +9 war axe "Teathrukk" {flame, Stlth+}
 27361 | Snake:3  | XOM: give mutation
 27361 | Snake:3  | Gained mutation: Your system is resistant to poisons.
                  | (rPois) [Xom's mischief]
 27380 | Snake:3  | Identified the ring of Newyop {Ice rN+ Dex+3}
 27392 | Snake:3  | Acquired a storm talisman
 27629 | Lair:2   | XOM: give mutations
 27629 | Lair:2   | Gained mutation: You have hidden genetic defects. [Xom's
                  | mischief]
 27629 | Lair:2   | Lost mutation: You are robust. (+10% HP) [Xom's mischief]
 27629 | Lair:2   | Gained mutation: You have terrible hidden genetic defects.
                  | [Xom's mischief]
 27644 | Lair:2   | XOM: cloud trail
 27751 | D:11     | XOM: scenery: 1 doors open, 3 doors close
 27842 | D:12     | Killed sekai's ghost
 28034 | Elf:1    | Entered Level 1 of the Elven Halls
 28193 | Elf:1    | Paralysed by an air elemental for 1 turns
 28266 | Elf:1    | Found Naseat's Distillery.
 28266 | Elf:1    | Found Yseraun's Distillery.
 28268 | Elf:1    | Found Iqoipush's Antique Armour Shoppe.
 28268 | Elf:1    | Found Xewi's Distillery.
 28270 | Elf:1    | Found Atidgh's Book Emporium.
 28270 | Elf:1    | Found Baqoces's Antique Armour Shop.
 28282 | Elf:1    | Bought a runed hat for 147 gold pieces
 28289 | Elf:1    | Bought a potion of haste for 190 gold pieces
 28289 | Elf:1    | Bought a potion of curing for 57 gold pieces
 28289 | Elf:1    | Bought a potion of heal wounds for 95 gold pieces
 28353 | Elf:1    | Bought a potion of heal wounds for 80 gold pieces
 28353 | Elf:1    | Bought a potion of heal wounds for 80 gold pieces
 28353 | Elf:1    | Bought a potion of haste for 160 gold pieces
 28353 | Elf:1    | Bought a potion of mutation for 128 gold pieces
 28442 | Elf:1    | Found an ancient bone altar of Kikubaaqudgha.
 28464 | Elf:1    | XOM: give mutations
 28464 | Elf:1    | Gained mutation: You have supernaturally acute eyesight.
                  | (SInv) [Xom's mischief]
 28464 | Elf:1    | Lost mutation: You have supernaturally acute eyesight.
                  | (SInv) [Xom's mischief]
 28464 | Elf:1    | Gained mutation: You are frail. (-10% HP) [Xom's mischief]
 28464 | Elf:1    | Gained mutation: You expend magic power (3 MP) to
                  | strengthen your wands. [Xom's mischief]
 28464 | Elf:1    | Was forgiven by Xom
 28471 | Elf:1    | Lost mutation: You are agile. (Dex +4, Str/Int -1) [potion
                  | of mutation]
 28471 | Elf:1    | Lost mutation: Your spells are a little harder to cast, but
                  | a little more powerful. [potion of mutation]
 28471 | Elf:1    | Gained mutation: You are partially covered in large bone
                  | plates. (SH +4) [potion of mutation]
 28472 | Elf:1    | Lost mutation: You are covered in thick fur. (AC +2)
                  | [potion of mutation]
 28472 | Elf:1    | Lost mutation: You are partially covered in iridescent
                  | scales. (AC +2) [potion of mutation]
 28472 | Elf:1    | Lost mutation: You are frail. (-10% HP) [potion of
                  | mutation]
 28472 | Elf:1    | Gained mutation: Your mind is acute. (Int +4, Str/Dex -1)
                  | [potion of mutation]
 28540 | Elf:1    | Gained mutation: You are occasionally teleported next to
                  | monsters. [hidden defects]
 28541 | Elf:1    | Lost mutation: You occasionally lose the ability to drink
                  | potions when taking damage. [potion of mutation]
 28541 | Elf:1    | Lost mutation: You expend magic power (3 MP) to strengthen
                  | your wands. [potion of mutation]
 28541 | Elf:1    | Lost mutation: Your system is resistant to poisons. (rPois)
                  | [potion of mutation]
 28541 | Elf:1    | Gained mutation: You are partially covered in iridescent
                  | scales. (AC +2) [potion of mutation]
 28541 | Elf:1    | Gained mutation: You are often teleported next to monsters.
                  | [potion of mutation]
 28542 | Elf:1    | Lost mutation: You are often teleported next to monsters.
                  | [potion of mutation]
 28542 | Elf:1    | Lost mutation: Your mind is acute. (Int +4, Str/Dex -1)
                  | [potion of mutation]
 28542 | Elf:1    | Lost mutation: You are partially covered in iridescent
                  | scales. (AC +2) [potion of mutation]
 28542 | Elf:1    | Gained mutation: You possess an exceptional clarity of
                  | mind. [potion of mutation]
 28543 | Elf:1    | Lost mutation: You are occasionally teleported next to
                  | monsters. [potion of mutation]
 28543 | Elf:1    | Lost mutation: You have terrible hidden genetic defects.
                  | [potion of mutation]
 28543 | Elf:1    | Gained mutation: You have a pair of small horns on your
                  | head. [potion of mutation]
 28543 | Elf:1    | Gained mutation: Your flesh is heat resistant. (rF+)
                  | [potion of mutation]
 28664 | Elf:1    | Found Romorph's Jewellery Shop.
 29038 | Elf:2    | Found Vaoq's Assorted Antiques.
 29080 | Elf:2    | Found a crumbling gateway.
 29094 | Desolati | Entered the Desolation of Salt
 29129 | Desolati | Reached XP level 21. HP: 215/215 MP: 20/20
 29136 | Desolati | Got the Tractate on Mercurial Dislocation
 29149 | Desolati | Identified the ring "Qakipt" {rCorr Dex+2}
 29153 | Desolati | Identified the +10 war axe of the Feeding Gnat {flame, rF+
                  | Str+2 Int+3}
 29186 | Desolati | Identified the ring of the Narrow God {^Drain rC+ Str+2
                  | Int+3 Slay+4}
 29203 | Desolati | Gained mutation: You occasionally lose the ability to drink
                  | potions when taking damage. [hidden defects]
 29203 | Desolati | Lost mutation: You have hidden genetic defects. [hidden
                  | defects expressed]
 29204 | Desolati | Got Cosi's Almanac of the Plateau
 29216 | Desolati | Got Sojelod's Codex of the Dead Mob
 29440 | Desolati | Got the Parchment of Embers and Outbursts
 29579 | Desolati | Identified the scarf of a Million Ghosts {harm, -Cast
                  | Dex+5}
 29586 | Desolati | Identified the +5 quarterstaff "Jies" {flame, *Rage rN+
                  | SInv}
 29609 | Desolati | Reached skill level 15 in Fighting
 29643 | Desolati | Got Khufu's Catalogue of the Tomb
 29677 | Desolati | Identified the +0 ring mail of Vufuismuhups {rF- Str+4
                  | Dex+2}
 30154 | Elf:2    | Found a runed translucent gate.
 30155 | Elf:2    | Found a runed translucent gate.
 30155 | Elf:2    | Found a runed translucent gate.
 30171 | Elf:2    | Found Toreoryt's Magic Scroll Shoppe.
 30206 | Elf:2    | Bought a scroll of teleportation for 57 gold pieces
 30206 | Elf:2    | Bought a scroll of summoning for 180 gold pieces
 30206 | Elf:2    | Bought a scroll of silence for 180 gold pieces
 30498 | Elf:2    | Found Muett's Assorted Antiques.
 30502 | Elf:2    | Bought a potion of mutation for 232 gold pieces
 30876 | Elf:3    | Entered Level 3 of the Elven Halls
 31008 | Elf:3    | Upgraded the game from 0.32-a0-909-gc671339 to
                  | 0.32-a0-913-g739538a
 31162 | Elf:3    | Identified the +3 robe "Fibb" {*Slow Will+ Str+3 Int+2}
 31162 | Elf:3    | Identified the ring of the Rabble {Fly rF+ rN+ MP+9}
 31568 | Abyss:3  | Cast into level 3 of the Abyss (a deep elf sorcerer)
 31591 | Abyss:3  | Found a sparkling altar of Nemelex Xobeh.
 31638 | Abyss:3  | Paralysed by accursed screaming for 1 turns
 31697 | Elf:3    | Escaped the Abyss
 31711 | Elf:3    | Reached XP level 22. HP: 228/228 MP: 21/21
 31793 | Elf:3    | HP: 6/296 [deep elf annihilator/iron shot (24)]
 32071 | Elf:3    | Identified the staff "Vaopt" {rPois Conj}
 32211 | Elf:3    | Paralysed by a ghostly deep elf zephyrmancer for 3 turns
 32213 | Abyss:3  | Found a corrupted altar of Lugonu.
 32213 | Abyss:3  | Cast into level 3 of the Abyss (a deep elf demonologist)
 32267 | Elf:3    | Escaped the Abyss
 32366 | Elf:3    | Identified the +7 flail "Distrimpo" {elec, ^Fragile +Blink
                  | rElec Int+3}
 32370 | Elf:3    | Reached skill level 15 in Shields
 32413 | Elf:3    | Got the Spellbook of Ozone
 32442 | Elf:3    | Identified the staff of Piqay {rF- rCorr Dex+5 Conj Tloc}
 32444 | Elf:3    | Got the Anthology of the Weird Sixfirhy
 32844 | Vaults:1 | Entered Level 1 of the Vaults
 33342 | Vaults:1 | Found Unkuteol's General Store.
 34046 | Vaults:2 | Found a magical portal.
 34068 | WizLab   | Entered Wucad Mu's Monastery
 34191 | WizLab   | Found the crystal ball of Wucad Mu {*channel}
 34394 | WizLab   | Reached XP level 23. HP: 243/243 MP: 22/22
 34468 | Vaults:2 | Found Cizejaex's Round Resellers.
 34995 | Vaults:2 | Noticed Xtahua
 35001 | Vaults:2 | Killed Xtahua
 35085 | Vaults:2 | Found a staircase to the Crypt.
 35523 | Vaults:3 | Reached XP level 24. HP: 257/257 MP: 22/22
 36629 | Vaults:4 | Found Maeptougo's General Store.
 36686 | Vaults:4 | Identified the +6 glaive of the Present {spect, Str-5 Dex+5
                  | Stlth+}
 37041 | Vaults:4 | Identified the +8 mace of Saryj {speed, SInv}
 37648 | Vaults:5 | Entered Level 5 of the Vaults
 37680 | Vaults:5 | Noticed an ancient lich
 37867 | Vaults:5 | Noticed an ancient lich
 37872 | Vaults:5 | Killed an ancient lich
 37973 | Vaults:5 | Reached XP level 25. HP: 275/275 MP: 22/22
 37974 | Vaults:5 | Identified the +5 longbow of Excruciating Pain {freeze,
                  | rC+++ Dex+5}
 38071 | Vaults:5 | Noticed an ancient lich
 38083 | Vaults:5 | Killed an ancient lich
 38370 | Vaults:5 | Identified the ring "Hevat" {Fly rPois SInv}
 38377 | Vaults:5 | Killed an ancient lich
 38411 | Vaults:5 | Got a silver rune of Zot
 38466 | Vaults:5 | Identified the ring "Nupsoej" {rCorr Str+6 Int+2}
 38610 | Vaults:5 | Identified the ring "Xoafeg Fareh" {AC+4 Int+5}
 39015 | Vaults:5 | Got Sif Muna's Vellum of the Sanguinolent Snowflakes
 39455 | Depths:1 | Entered Level 1 of the Depths
 39594 | Depths:1 | Noticed Asterion
 39598 | Depths:1 | Found a gateway to Hell.
 39604 | Depths:1 | Killed Asterion
 39640 | Depths:1 | Noticed Nikola
 39643 | Depths:1 | Killed Nikola
 39847 | Depths:1 | Noticed the Enchantress
 39879 | Depths:1 | Killed the Enchantress
 40023 | Depths:1 | Identified the +0 cloak "Doredy" {rF+ Int+3}
 40529 | Depths:2 | Noticed a juggernaut
 40532 | Depths:2 | Killed a juggernaut
 40542 | Depths:2 | Noticed a juggernaut
 40546 | Depths:2 | Killed a juggernaut
 40601 | Depths:2 | Acquired 927 gold pieces
 40602 | Depths:2 | Acquired the +3 hat of Hubris {^Drain rCorr Dex+6}
 40603 | Depths:2 | Acquired 1238 gold pieces
 40715 | Depths:2 | You fall into a shaft and drop 2 floors!
 40715 | Depths:4 | Entered Level 4 of the Depths
 40754 | Depths:4 | Reached XP level 26. HP: 288/288 MP: 22/22
 40836 | Depths:4 | Found a one-way gateway to a ziggurat.
 41302 | Depths:2 | Found a portal to a secret trove of treasure.
 41398 | Depths:2 | Found a one-way gate leading to the halls of Pandemonium.
 41746 | Abyss:3  | Cast into level 3 of the Abyss (an occultist)
 41750 | Abyss:3  | Found a corrupted altar of Lugonu.
 41776 | Abyss:3  | Found a sacrificial altar of Ru.
 41833 | Abyss:3  | Found a corrupted altar of Lugonu.
 42297 | Abyss:3  | Paralysed by accursed screaming for 1 turns
 42398 | Abyss:3  | Gained mutation: Your body sometimes deteriorates upon
                  | taking damage. [a neqoxec]
 42403 | Abyss:3  | Gained mutation: Your health recovers twice as slowly from
                  | being drained. [a neqoxec]
 42512 | Abyss:3  | Noticed an ancient lich
 42515 | Abyss:3  | Killed an ancient lich
 42739 | Abyss:3  | Paralysed by accursed screaming for 1 turns
 42893 | Abyss:4  | Found a corrupted altar of Lugonu.
 42946 | Abyss:4  | Found a corrupted altar of Lugonu.
 43078 | Abyss:4  | Paralysed by accursed screaming for 1 turns
 43091 | Abyss:4  | Gained mutation: Your magical capacity is low. (-10% MP) [a
                  | neqoxec]
 43124 | Abyss:4  | Noticed a dread lich
 43132 | Abyss:4  | Killed a dread lich
 43301 | Abyss:4  | Paralysed by accursed screaming for 2 turns
 43366 | Abyss:4  | Reached XP level 27. HP: 302/302 MP: 19/19
 43429 | Abyss:4  | Got an abyssal rune of Zot
 43450 | Depths:3 | Escaped the Abyss
 43558 | Depths:3 | Found an opulent altar of Gozag.
 43968 | Depths:3 | Found a sparkling altar of Nemelex Xobeh.
 44130 | Abyss:4  | Cast into level 4 of the Abyss (an occultist)
 44218 | Abyss:4  | Found a corrupted altar of Lugonu.
 44325 | Depths:3 | Escaped the Abyss
 44841 | Depths:4 | Identified the +1 dagger "Yrerusup" {freeze, rN+ Str+3
                  | Int-2}
 44983 | Depths:4 | Found a gate to the Realm of Zot.
 45274 | Zot:1    | Entered Level 1 of the Realm of Zot
 45532 | Zot:1    | Found a runed translucent gate.
 45532 | Zot:1    | Found a runed translucent gate.
 45532 | Zot:1    | Found a runed translucent gate.
 45533 | Zot:1    | Noticed a dread lich
 45533 | Zot:1    | Noticed kasel's ghost (veteran DrSh)
 45581 | Zot:1    | Identified the +7 trident of Naxejuh {flame, rF+ rC+}
 46399 | Zot:2    | Found an opulent altar of Gozag.
 46862 | Zot:3    | Identified the +1 war axe of Pestilence {venom, rCorr
                  | Int+6}
 47775 | Zot:5    | Entered Level 5 of the Realm of Zot
 48102 | Zot:5    | Noticed a dread lich
 48104 | Zot:5    | Noticed an ancient lich
 48106 | Zot:5    | Noticed an orb of fire
 48109 | Zot:5    | Noticed an orb of fire
 48109 | Zot:5    | Noticed an orb of fire
 48148 | Zot:5    | Lost mutation: Your health recovers twice as slowly from
                  | being drained. [an orb of fire]
 48150 | Zot:5    | Gained mutation: Your magical capacity is very low. (-20%
                  | MP) [an orb of fire]
 48153 | Zot:5    | Killed an orb of fire
 48155 | Zot:5    | Gained mutation: You are clumsy. (Dex -2) [an orb of fire]
 48158 | Zot:5    | Killed an orb of fire
 48166 | Zot:5    | Killed an orb of fire
 48179 | Zot:5    | Noticed an orb of fire
 48179 | Zot:5    | Gained mutation: You occasionally shout uncontrollably at
                  | your foes. [an orb of fire]
 48179 | Zot:5    | Gained mutation: Your muscles are very strong. (Str +8,
                  | Int/Dex -2) [an orb of fire]
 48194 | Zot:5    | Killed an orb of fire
 48200 | Zot:5    | Killed an ancient lich
 48233 | Zot:5    | Noticed an orb of fire
 48242 | Zot:5    | Gained mutation: You are very clumsy. (Dex -4) [an orb of
                  | fire]
 48250 | Zot:5    | Killed an orb of fire
 48258 | Zot:5    | Noticed an orb of fire
 48269 | Zot:5    | Killed an orb of fire
 48276 | Zot:5    | Noticed an orb of fire
 48280 | Zot:5    | Killed an orb of fire
 48381 | Zot:5    | Noticed an orb of fire
 48382 | Zot:5    | Noticed an orb of fire
 48386 | Zot:5    | Gained mutation: Your magical capacity is extremely low.
                  | (-30% MP) [an orb of fire]
 48387 | Zot:5    | Killed an orb of fire
 48392 | Zot:5    | Killed an orb of fire
 48398 | Zot:5    | Killed a dread lich
 49204 | Lair:4   | Killed cowcow's ghost
 49247 | Slime:1  | Entered Level 1 of the Pits of Slime
 49444 | Slime:2  | Gained mutation: You are occasionally teleported next to
                  | monsters. [a shining eye]
 50118 | Slime:4  | Gained mutation: You are often teleported next to monsters.
                  | [a shining eye]
 50122 | Slime:4  | Gained mutation: You have hidden genetic defects. [a
                  | shining eye]
 50584 | Slime:5  | Entered Level 5 of the Pits of Slime
 50643 | Slime:5  | Lost mutation: You possess an exceptional clarity of mind.
                  | [a shining eye]
 50650 | Slime:5  | Gained mutation: You frequently scream uncontrollably at
                  | your foes. [a shining eye]
 50774 | Slime:5  | Noticed the Royal Jelly
 50780 | Slime:5  | Killed the Royal Jelly
 50790 | Slime:5  | Gained mutation: You sometimes lose your temper in combat.
                  | [hidden defects]
 50822 | Slime:5  | Identified the +0 cloak of Marbles {-Cast Fly Will++ rCorr}
 50838 | Slime:5  | Identified the ring "Ratzev" {Will+ Int+6}
 50839 | Slime:5  | Identified the +0 triple sword "Egon" {drain, Dex+3}
 50845 | Slime:5  | Identified the ring "Idauwoc" {rC+ Str+6 Dex+3}
 50847 | Slime:5  | Got a slimy rune of Zot
 51168 | Slime:5  | Identified the +6 shortbow "Ucaol" {flame, rF+ Int+3}
 51430 | Lair:4   | Lost mutation: Your flesh is heat resistant. (rF+) [potion
                  | of mutation]
 51430 | Lair:4   | Lost mutation: You occasionally lose the ability to drink
                  | potions when taking damage. [potion of mutation]
 51430 | Lair:4   | Lost mutation: You have a pair of small horns on your head.
                  | [potion of mutation]
 51430 | Lair:4   | Lost mutation: You have hidden genetic defects. [potion of
                  | mutation]
 51431 | Lair:4   | Lost mutation: You are very clumsy. (Dex -4) [potion of
                  | mutation]
 51431 | Lair:4   | Lost mutation: You are partially covered in large bone
                  | plates. (SH +4) [potion of mutation]
 51431 | Lair:4   | Gained mutation: You have an uncontrollable temper. [potion
                  | of mutation]
 51432 | Lair:4   | Lost mutation: You frequently scream uncontrollably at your
                  | foes. [potion of mutation]
 51432 | Lair:4   | Lost mutation: You have an uncontrollable temper. [potion
                  | of mutation]
 51432 | Lair:4   | Lost mutation: Your body sometimes deteriorates upon taking
                  | damage. [potion of mutation]
 51432 | Lair:4   | Lost mutation: You occasionally shout uncontrollably at
                  | your foes. [potion of mutation]
 51433 | Lair:4   | Lost mutation: Your muscles are very strong. (Str +8,
                  | Int/Dex -2) [potion of mutation]
 51433 | Lair:4   | Lost mutation: Your magical capacity is extremely low.
                  | (-30% MP) [potion of mutation]
 51433 | Lair:4   | Lost mutation: Your magical capacity is very low. (-20% MP)
                  | [potion of mutation]
 51433 | Lair:4   | Gained mutation: Your muscles are very strong. (Str +8,
                  | Int/Dex -2) [potion of mutation]
 51433 | Lair:4   | Gained mutation: You are partially covered in iridescent
                  | scales. (AC +2) [potion of mutation]
 51434 | Lair:4   | Lost mutation: You are partially covered in iridescent
                  | scales. (AC +2) [potion of mutation]
 51434 | Lair:4   | Lost mutation: You sometimes lose your temper in combat.
                  | [potion of mutation]
 51434 | Lair:4   | Lost mutation: You are clumsy. (Dex -2) [potion of
                  | mutation]
 51434 | Lair:4   | Lost mutation: Your muscles are very strong. (Str +8,
                  | Int/Dex -2) [potion of mutation]
 51435 | Lair:4   | Lost mutation: You are often teleported next to monsters.
                  | [potion of mutation]
 51435 | Lair:4   | Lost mutation: Your magical capacity is low. (-10% MP)
                  | [potion of mutation]
 51435 | Lair:4   | Gained mutation: Your mind is acute. (Int +4, Str/Dex -1)
                  | [potion of mutation]
 51435 | Lair:4   | Lost mutation: Your muscles are strong. (Str +4, Int/Dex
                  | -1) [potion of mutation]
 51436 | Lair:4   | Lost mutation: Your mind is acute. (Int +4, Str/Dex -1)
                  | [potion of mutation]
 51436 | Lair:4   | Lost mutation: You are occasionally teleported next to
                  | monsters. [potion of mutation]
 51436 | Lair:4   | Gained mutation: You occasionally lose the ability to read
                  | scrolls when taking damage. [potion of mutation]
 51436 | Lair:4   | Gained mutation: You are agile. (Dex +4, Str/Int -1)
                  | [potion of mutation]
 51436 | Lair:4   | Gained mutation: You are very agile. (Dex +8, Str/Int -2)
                  | [potion of mutation]
 51437 | Lair:4   | Lost mutation: You are very agile. (Dex +8, Str/Int -2)
                  | [potion of mutation]
 51437 | Lair:4   | Lost mutation: You occasionally lose the ability to read
                  | scrolls when taking damage. [potion of mutation]
 51437 | Lair:4   | Lost mutation: You are agile. (Dex +4, Str/Int -1) [potion
                  | of mutation]
 51437 | Lair:4   | Gained mutation: Your spells are a little harder to cast,
                  | but a little more powerful. [potion of mutation]
 51437 | Lair:4   | Gained mutation: Your mind is acute. (Int +4, Str/Dex -1)
                  | [potion of mutation]
 51437 | Lair:4   | Gained mutation: Potions are less effective at restoring
                  | your health. [potion of mutation]
 51437 | Lair:4   | Gained mutation: You have large cloven feet. [potion of
                  | mutation]
 51935 | Pan      | Entered Pandemonium
 51943 | Pan      | Found a sparkling altar of Nemelex Xobeh.
 52135 | Pan      | Found an exit through the horrors of the Abyss.
 52282 | Pan      | Gained mutation: You are frail. (-10% HP) [a cacodemon]
 52290 | Pan      | Noticed Usicydy the pandemonium lord
 52294 | Pan      | Killed Usicydy the pandemonium lord
 52317 | Pan      | Got a demonic rune of Zot
 52708 | Pan      | Noticed Bomidgh the pandemonium lord
 52718 | Pan      | Killed Bomidgh the pandemonium lord
 52763 | Pan      | Reached skill level 27 in Unarmed Combat
 54311 | Pan      | Noticed Uxzaixko the pandemonium lord
 54317 | Pan      | Killed Uxzaixko the pandemonium lord
 54468 | Pan      | Found an exit through the horrors of the Abyss.
 54707 | Pan      | Noticed Tuizur the pandemonium lord
 54710 | Pan      | Killed Tuizur the pandemonium lord
 55292 | Pan      | Reached skill level 27 in Fighting
 55554 | Pan      | Noticed Avaammud the pandemonium lord
 55566 | Pan      | Killed Avaammud the pandemonium lord
 56169 | Pan      | Entered the realm of Gloorx Vloq.
 57237 | Pan      | Identified the +7 whip of Strategic Superiority {vamp,
                  | Str+5}
 57394 | Pan      | Noticed Gloorx Vloq
 57403 | Pan      | Killed Gloorx Vloq
 57426 | Pan      | Got a dark rune of Zot
 57626 | Pan      | Identified the +7 quarterstaff of Evolution {flame, Will+}
 57697 | Pan      | Found a transporter.
 57731 | Pan      | Found a transporter.
 57731 | Pan      | Found a transporter.
 57753 | Pan      | Reached skill level 1 in Throwing
 57755 | Pan      | Identified the +3 scimitar "Leqoot" {flame, rN+++ Dex-5}
 57768 | Pan      | Gained mutation: You are very frail. (-20% HP) [a
                  | cacodemon]
 57769 | Pan      | Gained mutation: Your body sometimes deteriorates upon
                  | taking damage. [a cacodemon]
 57772 | Pan      | Reached skill level 1 in Evocations
 57778 | Pan      | Lost mutation: Your spells are a little harder to cast, but
                  | a little more powerful. [potion of mutation]
 57778 | Pan      | Lost mutation: Your mind is acute. (Int +4, Str/Dex -1)
                  | [potion of mutation]
 57778 | Pan      | Gained mutation: You are weak. (Str -2) [potion of
                  | mutation]
 57779 | Pan      | Lost mutation: You have large cloven feet. [potion of
                  | mutation]
 57779 | Pan      | Lost mutation: Potions are less effective at restoring your
                  | health. [potion of mutation]
 57779 | Pan      | Lost mutation: You are weak. (Str -2) [potion of mutation]
 57779 | Pan      | Gained mutation: You have hidden genetic potential. [potion
                  | of mutation]
 57987 | Pan      | Identified the ring of Cipsacan {rPois rF+ Will+ Str+5
                  | Dex+2}
 57997 | Pan      | Found a transporter.
 57997 | Pan      | Found a transporter.
 58317 | Pan      | Entered the realm of Mnoleg.
 58456 | Pan      | Gained mutation: Your body often deteriorates upon taking
                  | damage. [a neqoxec]
 58489 | Pan      | Gained mutation: You are vulnerable to heat. (rF-) [a
                  | neqoxec]
 58734 | Pan      | Gained mutation: You sometimes lose your temper in combat.
                  | [a cacodemon]
 58903 | Pan      | Noticed Mnoleg
 58910 | Pan      | Gained mutation: You are partially covered in iridescent
                  | scales. (AC +2) [a cacodemon]
 58910 | Pan      | Gained mutation: You are dopey. (Int -2) [a shining eye]
 58914 | Pan      | Lost mutation: You have hidden genetic potential. [a
                  | shining eye]
 58917 | Pan      | Gained mutation: You have hidden genetic defects. [a
                  | shining eye]
 59029 | Pan      | Killed Mnoleg
 59061 | Pan      | Got a glowing rune of Zot
 59112 | Pan      | Identified the +0 hat of the Evil One {rElec Dex+3}
 59115 | Pan      | Lost mutation: You have hidden genetic defects. [potion of
                  | mutation]
 59115 | Pan      | Lost mutation: You are vulnerable to heat. (rF-) [potion of
                  | mutation]
 59115 | Pan      | Gained mutation: You are very dopey. (Int -4) [potion of
                  | mutation]
 59115 | Pan      | Lost mutation: Your body often deteriorates upon taking
                  | damage. [potion of mutation]
 59115 | Pan      | Gained mutation: You are agile. (Dex +4, Str/Int -1)
                  | [potion of mutation]
 59115 | Pan      | Gained mutation: You are very agile. (Dex +8, Str/Int -2)
                  | [potion of mutation]
 59484 | Pan      | Reached skill level 5 in Throwing
 59992 | Pan      | Lost mutation: You are very agile. (Dex +8, Str/Int -2)
                  | [potion of mutation]
 59992 | Pan      | Lost mutation: You are agile. (Dex +4, Str/Int -1) [potion
                  | of mutation]
 59992 | Pan      | Lost mutation: You are partially covered in iridescent
                  | scales. (AC +2) [potion of mutation]
 59992 | Pan      | Gained mutation: Your magical capacity is low. (-10% MP)
                  | [potion of mutation]
 59992 | Pan      | Gained mutation: You have a pair of small antennae on your
                  | head. [potion of mutation]
 59993 | Pan      | Lost mutation: You have a pair of small antennae on your
                  | head. [potion of mutation]
 59993 | Pan      | Lost mutation: Your body sometimes deteriorates upon taking
                  | damage. [potion of mutation]
 59993 | Pan      | Lost mutation: You are very dopey. (Int -4) [potion of
                  | mutation]
 59993 | Pan      | Gained mutation: Your movements are slightly less
                  | encumbered by armour. (ER -2) [potion of mutation]
 60041 | Pan      | Identified the +2 broad axe of Paqe {elec, Fly rC+}
 60299 | Pan      | Identified the ring "Wopratru" {^Contam rC+ Str+2 Int+3
                  | Slay+2}
 60299 | Pan      | Noticed a seraph
 60303 | Pan      | Reached skill level 5 in Evocations
 60304 | Pan      | Killed a seraph
 60318 | Pan      | Found a glowing golden altar of the Shining One.
 60334 | Pan      | Got the Parchment of Cinders
 60344 | Pan      | Got the Papyrus of Cunning Conjuring
 60583 | Pan      | Found a glowing silver altar of Zin.
 60978 | Pan      | Found a white marble altar of Elyvilon.
 61431 | Depths:2 | Escaped Pandemonium
 61587 | Zot:1    | Killed kasel's ghost
 61593 | Zot:1    | Killed a dread lich
 61615 | Zot:1    | Identified the staff of Evisceration {rC+ rN+ Str+6 Stlth-
                  | Ice}
 61626 | Zot:1    | Lost mutation: You sometimes lose your temper in combat.
                  | [potion of mutation]
 61626 | Zot:1    | Lost mutation: Your movements are slightly less encumbered
                  | by armour. (ER -2) [potion of mutation]
 61626 | Zot:1    | Lost mutation: You are dopey. (Int -2) [potion of mutation]
 61626 | Zot:1    | Gained mutation: You are weak. (Str -2) [potion of
                  | mutation]
 61626 | Zot:1    | Gained mutation: You are clumsy. (Dex -2) [potion of
                  | mutation]
 61626 | Zot:1    | Gained mutation: Your health recovers twice as slowly from
                  | being drained. [potion of mutation]
 61798 | Pan      | Entered Pandemonium
 61837 | Pan      | Found a runed translucent door.
 62362 | Pan      | Noticed Jiqum the pandemonium lord
 62369 | Pan      | Killed Jiqum the pandemonium lord
 62432 | Pan      | Lost mutation: You are clumsy. (Dex -2) [a cacodemon]
 62738 | Pan      | Lost mutation: You are very frail. (-20% HP) [potion of
                  | mutation]
 62738 | Pan      | Lost mutation: Your magical capacity is low. (-10% MP)
                  | [potion of mutation]
 62738 | Pan      | Gained mutation: You are clumsy. (Dex -2) [potion of
                  | mutation]
 62738 | Pan      | Gained mutation: Your flesh is heat resistant. (rF+)
                  | [potion of mutation]
 62738 | Pan      | Lost mutation: Your flesh is heat resistant. (rF+) [potion
                  | of mutation]
 62738 | Pan      | Gained mutation: You possess an exceptional clarity of
                  | mind. [potion of mutation]
 62744 | Pan      | Noticed Wosoufo the pandemonium lord
 62753 | Pan      | Killed Wosoufo the pandemonium lord
 63115 | Pan      | Entered the realm of Cerebov.
 63636 | Pan      | Reached skill level 27 in Shapeshifting
 63773 | Pan      | Identified the ring of Satisfaction {rF+ rC+ rN+}
 63780 | Pan      | Identified the staff of the Reaper {rPois Int+3 Conj}
 63877 | Pan      | Found the +6 sword of Cerebov {flame}
 63877 | Pan      | Noticed Cerebov
 64087 | Pan      | Identified the +3 falchion of Starshine {flame, rC+ Str+4
                  | SInv}
 64184 | Pan      | Killed Cerebov
 64222 | Pan      | Identified the +5 scale mail "Moar" {Harm +Inv rF+ Slay-4}
 64271 | Pan      | Got a fiery rune of Zot
 64364 | Pan      | Entered the realm of Lom Lobon.
 64457 | Pan      | Identified the ring "Xetakhlu" {Wiz Int+5}
 64496 | Pan      | Found an exit through the horrors of the Abyss.
 64723 | Pan      | Reached skill level 10 in Throwing
 64749 | Pan      | Identified the +8 dagger "Hutom" {holy, Str+2 Stlth+}
 65054 | Pan      | Noticed Lom Lobon
 65063 | Pan      | Killed Lom Lobon
 65079 | Pan      | Got a magical rune of Zot
 65294 | Depths:2 | Escaped Pandemonium
 65370 | Hell     | Entered the Vestibule of Hell
 65376 | Hell     | Noticed Geryon
 65383 | Hell     | Killed Geryon
 65407 | Hell     | Reached skill level 27 in Shields
 65621 | Hell     | Reached skill level 10 in Evocations
 65656 | Hell     | Found a gateway to the ashen valley of Gehenna.
 65694 | Hell     | Found a gateway to the decaying netherworld of Tartarus.
 65730 | Hell     | Found a gateway to the freezing wastes of Cocytus.
 65809 | Hell     | Found a gateway to the Iron City of Dis.
 65948 | Depths:2 | You paid a toll of 13 potions of heal wounds to enter a
                  | treasure trove
 65949 | Trove    | Entered a treasure trove
 65953 | Trove    | Identified the amulet "Nene Zun" {Spirit Harm rCorr Str+3}
 65954 | Trove    | Identified the ring of Xom's Amusement {Wiz rC+ Int+3
                  | Slay+3}
 65955 | Trove    | Identified the ring "Xizarawn" {rPois MP+9}
 65958 | Trove    | Identified the amulet "Ezejihi" {Acrobat rPois Str+4 Dex-4}
 65959 | Trove    | Identified the amulet "Sitwyeth" {Acrobat Slay+2 SInv}
 65960 | Trove    | Identified the amulet "Jeocaem" {Reflect Harm rN+ Dex-2
                  | SH+5}
 65961 | Trove    | Identified the amulet of Ekhliefrid {Spirit ^Drain rF+
                  | Int+3 Stlth+}
 65962 | Trove    | Identified the ring "Rasoi" {Wiz rN++ Str-2}
 65963 | Trove    | Identified the ring "Jofiyrei" {rF+ rC+ Dex+4}
 65965 | Trove    | Identified the ring "Pyis" {rC+ rCorr MP+9 SInv}
 65966 | Trove    | Identified the ring "Ygon" {rElec EV+5 Str-3 Int+8 SInv
                  | Stlth-}
 66746 | Crypt:1  | Entered Level 1 of the Crypt
 67406 | Crypt:2  | Noticed Margery
 67420 | Crypt:2  | Killed Margery
 67664 | Crypt:2  | Noticed Mennas
 67675 | Crypt:2  | Killed Mennas
 68131 | Crypt:3  | Entered Level 3 of the Crypt
 68750 | Crypt:3  | Identified the ring "Mann" {rCorr EV+5 Str+3}
 68777 | Crypt:3  | Found a staircase to the Tomb.
 68794 | Tomb:1   | Entered Level 1 of the Tomb of the Ancients
 69335 | Tomb:2   | Noticed a royal mummy
 69339 | Tomb:2   | Noticed a royal mummy
 69340 | Tomb:2   | Noticed a royal mummy
 69342 | Tomb:2   | Noticed a royal mummy
 69342 | Tomb:2   | Killed a royal mummy
 69345 | Tomb:2   | Killed a royal mummy
 69349 | Tomb:2   | Killed a royal mummy
 69349 | Tomb:2   | Killed a royal mummy
 69755 | Tomb:1   | Noticed a royal mummy
 69760 | Tomb:1   | Killed a royal mummy
 69761 | Tomb:1   | Noticed a royal mummy
 69764 | Tomb:1   | Noticed a royal mummy
 69764 | Tomb:1   | Noticed a royal mummy
 69765 | Tomb:1   | Killed a royal mummy
 69772 | Tomb:1   | Killed a royal mummy
 69775 | Tomb:1   | Noticed a royal mummy
 69778 | Tomb:1   | Noticed a royal mummy
 69781 | Tomb:1   | Killed a royal mummy
 69782 | Tomb:1   | Reached skill level 15 in Throwing
 69788 | Tomb:1   | Killed a royal mummy
 69795 | Tomb:1   | Killed a royal mummy
 69803 | Tomb:1   | Noticed a royal mummy
 69807 | Tomb:1   | Noticed a royal mummy
 69808 | Tomb:1   | Killed a royal mummy
 69815 | Tomb:1   | Killed a royal mummy
 69878 | Tomb:1   | Noticed a royal mummy
 69886 | Tomb:1   | Noticed a royal mummy
 69887 | Tomb:1   | Killed a royal mummy
 69892 | Tomb:1   | Killed a royal mummy
 69920 | Tomb:1   | Noticed a royal mummy
 69924 | Tomb:1   | Killed a royal mummy
 69969 | Tomb:1   | Noticed a royal mummy
 69972 | Tomb:1   | Noticed a royal mummy
 69975 | Tomb:1   | Noticed a royal mummy
 69981 | Tomb:1   | Killed a royal mummy
 69990 | Tomb:1   | Killed a royal mummy
 69995 | Tomb:1   | Noticed a royal mummy
 69995 | Tomb:1   | Noticed a royal mummy
 70216 | Tomb:1   | Noticed a royal mummy
 70226 | Tomb:1   | Killed a royal mummy
 70231 | Tomb:1   | Killed a royal mummy
 70287 | Tomb:1   | Noticed a royal mummy
 70288 | Tomb:1   | Killed a royal mummy
 70290 | Tomb:1   | Noticed a royal mummy
 70297 | Tomb:1   | Killed a royal mummy
 70315 | Tomb:1   | Killed a royal mummy
 70396 | Tomb:1   | Noticed a royal mummy
 70406 | Tomb:1   | Killed a royal mummy
 70439 | Tomb:1   | Noticed a royal mummy
 70444 | Tomb:1   | Killed a royal mummy
 70509 | Tomb:1   | Noticed a royal mummy
 70510 | Tomb:1   | Killed a royal mummy
 70543 | Tomb:1   | Lost mutation: You are frail. (-10% HP) [mutagenic glow]
 70555 | Tomb:1   | Killed a royal mummy
 70558 | Tomb:1   | Gained mutation: You are very weak. (Str -4) [mutagenic
                  | glow]
 70675 | Tomb:2   | Identified the +5 ring mail of Deucsu {Dex+3}
 70797 | Tomb:3   | Entered Level 3 of the Tomb of the Ancients
 70817 | Tomb:3   | Noticed a royal mummy
 70829 | Tomb:3   | Noticed a royal mummy
 70834 | Tomb:3   | Noticed a royal mummy
 70838 | Tomb:3   | Noticed a royal mummy
 70848 | Tomb:3   | Noticed Khufu
 70848 | Tomb:3   | Killed a royal mummy
 70850 | Tomb:3   | Noticed a royal mummy
 70855 | Tomb:3   | Killed a royal mummy
 70864 | Tomb:3   | Killed a royal mummy
 70867 | Tomb:3   | Noticed a royal mummy
 70868 | Tomb:3   | Killed a royal mummy
 70870 | Tomb:3   | Killed Khufu
 70876 | Tomb:3   | Killed a royal mummy
 70879 | Tomb:3   | Killed a royal mummy
 70935 | Tomb:3   | Noticed a royal mummy
 70969 | Tomb:3   | Killed a royal mummy
 70989 | Tomb:3   | Noticed a royal mummy
 71014 | Tomb:3   | HP: 22/453 [flayed ghost/flay_damage[a mummy priest] (5)]
 71016 | Tomb:3   | HP: 7/453 [royal mummy/divine providence (11)]
 71023 | Tomb:3   | Killed a royal mummy
 71174 | Tomb:3   | Reached skill level 15 in Evocations
 71240 | Tomb:3   | Got a golden rune of Zot
 71311 | Tomb:3   | Identified the ring of Absolutism {Wiz rPois rN+ Will+}
 71396 | Tomb:3   | Identified the staff "Trog's Outrage" {+Blink rPois Dex+2
                  | Necro Alchemy}
 71437 | Tomb:3   | Found the +7 captain's cutlass {speed, disarm}
 71440 | Tomb:3   | Found the +5 glaive of the Guard {elec, spectral}
 71451 | Tomb:3   | Found the +13 sword of the Doom Knight {doom -Cast ^Drain
                  | Will+}
 71460 | Tomb:3   | Identified the ring "Qilius" {rElec Dex+6}
 71524 | Tomb:3   | Identified the +0 robe "Umokhled" {rC- rN++ Int+2}
 71531 | Tomb:3   | Identified the ring "Dimeahie" {Int+3 SInv}
 71538 | Tomb:3   | Identified the +10 trident of Xiepsiedgh {antimagic, Str+3
                  | Int+3 Stlth+}
 71544 | Tomb:3   | Identified the +8 trident of the Witching Oracle {heavy,
                  | MP+9 Dex+2}
 72050 | Vaults:1 | Bought a phantom mirror for 760 gold pieces
 72475 | Zig:1    | Entered Level 1 of a ziggurat
 72493 | Zig:2    | Entered Level 2 of a ziggurat
 72500 | Zig:2    | Got Sif Muna's Secrets of Vapour and Takwin
 72506 | Zig:3    | Entered Level 3 of a ziggurat
 72529 | Zig:4    | Entered Level 4 of a ziggurat
 72550 | Zig:4    | Identified the +10 dagger "Doesahuth" {pain, MP+9}
 72556 | Zig:4    | Identified the +5 ring mail of Kikubaaqudgha, Leaping
                  | {rElec Str+3}
 72561 | Zig:5    | Entered Level 5 of a ziggurat
 72577 | Zig:6    | Entered Level 6 of a ziggurat
 72592 | Zig:6    | Identified the ring of the Heron {Fly Will+ Dex+2 Stlth+}
 72602 | Zig:6    | Got Sophisticated Magic
 72605 | Zig:7    | Entered Level 7 of a ziggurat
 72640 | Zig:7    | Identified the ring of Asotipn {rF+ Str+3 Int+5}
 72653 | Zig:8    | Entered Level 8 of a ziggurat
 72715 | Zig:9    | Entered Level 9 of a ziggurat
 72764 | Zig:10   | Entered Level 10 of a ziggurat
 73126 | Zot:5    | Got the Orb of Zot
 73206 | Zot:5    | Noticed Vecoir the pandemonium lord
 73214 | Zot:5    | Killed Vecoir the pandemonium lord
 73288 | Zot:1    | Gained mutation: You are frail. (-10% HP) [a cacodemon]
 73292 | Zot:1    | Gained mutation: You are very clumsy. (Dex -4) [a
                  | cacodemon]
 73478 | Depths:2 | Noticed a seraph
 73488 | Depths:2 | Killed a seraph
 73497 | Depths:2 | Noticed a seraph
 73500 | Depths:2 | Killed a seraph
 73725 | D:12     | Reached skill level 15 in Dodging
 73914 | D:6      | Noticed Suim the pandemonium lord
 73922 | D:6      | Killed Suim the pandemonium lord
 73932 | D:6      | Noticed Ishudumn the pandemonium lord
 73936 | D:6      | Killed Ishudumn the pandemonium lord
 73938 | D:6      | Noticed an ancient lich
 73939 | D:6      | Killed an ancient lich
 74165 | D:$      | Escaped with the Orb!

Illustrated notes

Levels and vault maps discovered:
D:1:      amcnicky_arrival_blooded_trapdoor, layout_basic, serial_shops,
          nicolae_shop_tiny_glass, minmay_cut_off
D:2:      layout_loops_ring, shapermc_ecumenical_altar_flowoftime
D:3:      layout_loops_ring, overflow_temple_1_default
D:4:      layout_basic, tso_metal_star, grunt_dithmenos_smoke_and_mirrors,
          nicolae_uskayaw_murder_on_the_dancefloor,
          minmay_temple_entry_mini_moons, hex_large, uniq_natasha, uniq_pikel,
          uniq_grinder
D:5:      layout_basic, dk_noncrumbling_4, minmay_crystal_room,
          small_statue_intersection
D:6:      layout_loops_ring, mainiacjoe_overflow_catwalk, kennysheep_doodads
D:7:      layout_basic, kennysheep_generic_room_6
D:8:      layout_loops_ring, uniq_psyche
D:9:      layout_roguey [special_room_kobold], minmay_overflow_temple_star_hex
D:10:     layout_basic, okawaru_trees_1, serial_shops, shop, uniq_harold
D:11:     layout_stronghold, erik_lair_dragon, onia_ninara_cookie
D:12:     layout_roguey, orc_0_dummy, gammafunk_ghost_nasty_kobolds,
          chequers_mini_garden, kennysheep_boxes, uniq_nergalle
D:13:     layout_basic, gauntlet_entry_generic, abandoned_shop, uniq_josephine
D:14:     layout_stronghold, erik_vaults_2, serial_park_avenue1
D:15:     hellmonk_depths_entry_around_the_bend, layout_loops_ring,
          moated_statue, nicolae_wu_jian_wuxing_cycle, uniq_nessos
Lair:1:   layout_long_grid, beast_lair_carwin_7
Lair:2:   layout_roguey, minmay_swamp_entry_reptiles,
          alex1729_snake_entry_snake, lemuel_oklob_altar,
          infiniplex_staircase_pool_2, grunt_megastairs_5
Lair:3:   layout_regular_city, columned_hall_lemuel, hellmonk_talismancer,
          lemuel_fruit_fields, serial_bayou_shore_a
Lair:4:   layout_cave_shapes, slime_entry_1, nicolae_volcano_entry_s_turn,
          ebering_ghost_xom, serial_bayou_shore_b
Lair:5:   hangedman_lair_tendril_chambers, layout_layer_cave,
          lemuel_fruit_fields
Swamp:1:  layout_basic_swamp, nicolae_swamp_fairy_circle, swamp_pool_4
Swamp:2:  layout_falls_marsh, evilmike_swamp_ruin_house_2,
          nzn_swamp_weyward_sisters, nicolae_swamp_decorative_isthmus,
          infiniplex_staircase_pool, uniq_aizul, uniq_donald
Swamp:3:  layout_falls_marsh, hangedman_swamp_ruin_hall, swamp_pool_3
Swamp:4:  swamp_old_school, layout_basic_swamp, uniq_bai_suzhen, uniq_mlioglotl,
          uniq_louise
Snake:1:  layout_onion, nicolae_triple_integral
Snake:2:  layout_grid_shapes, minmay_shoptagon, grunt_megastairs_4
Snake:3:  layout_cave_town, gammafunk_ghost_abyssal_escape,
          hangedman_snake_wide_pillar_pass
Snake:4:  grunt_snake_rune_spirals, layout_onion, uniq_vashnia
Slime:1:  layout_caves
Slime:2:  layout_caves, nicolae_slime_phagocytosis
Slime:3:  layout_caves
Slime:4:  layout_caves, nicolae_slime_getting_an_eyeful
Slime:5:  slime_pit_nicolae_royal_road_to_ruin
Orc:1:    layout_caves, serial_shops, shop, basic_altar
Orc:2:    st_orc_congregation, layout_caves, gammafunk_ghost_grave,
          nicolae_shop_gadgets, uniq_jorgrun
Elf:1:    layout_geoelf_grid, special_room [special_room_orc], serial_shops,
          nicolae_shop_hallway_stairs, guppyfry_elf_altar,
          nicolae_wooded_promenade
Elf:2:    nicolae_elf_blades_crystal_corner, layout_onion_city, serial_shops,
          shop, nicolae_shop_pleasant_corner_grove, nicolae_shop_tiny_glass,
          portal_desolation_entry_salt, nrook_loot_triangle
Elf:3:    nooodl_elf_gasket, layout_geoelf_diagonals, nicolae_fountain_basement
Vaults:1: nicolae_vaults_rhombus_5, nicolae_vaults_diagonal_hallway_9,
          vaults_dpeg_emergency_exit, vaults_mumra_minichess,
          nicolae_vaults_double_plus_2, nicolae_vaults_quartermaster, v_misc_13,
          layout_vaults_omnigrid, serial_shops, shop
Vaults:2: lightli_enter_wizlab_magi_temple, nicolae_vaults_heart-shaped_vault,
          nicolae_vaults_three_branches, nicolae_vaults_turnstiles,
          tekkud_shop_of_orbs, v_misc_14, vaults_room_stairs_pillars,
          vaults_room_octagon, nicolae_vaults_storage_closets_2,
          nicolae_vaults_network_s, nicolae_vaults_tetromino_L_1,
          layout_vaults_omnicross, minmay_crypt_entry_simple_round, uniq_xtahua
Vaults:3: nicolae_vaults_corridor_and_loot_room, hangedman_vaults_unwind,
          hangedman_vaults_stagger, ontoclasm_vaults_chip, vaults_room_grid,
          vaults_room_pool, ontoclasm_vaults_spin,
          nicolae_vaults_twisting_passages, nicolae_vaults_specimen_jars,
          ontoclasm_vaults_shuriken, nicolae_vaults_cornered_office,
          hangedman_vaults_stretched_pinwheel, nicolae_vaults_prndl,
          vaults_room_fancy_cross, layout_vaults_maze
Vaults:4: nicolae_vaults_trapezoid_1, lightli_orcish_oven,
          nicolae_vaults_tangram_2, st_star, v_pattern_5,
          nicolae_vaults_tetromino_L_2, nicolae_vaults_rhombus_6,
          layout_vaults_chaotic_city, serial_glass, serial_shops,
          nicolae_shop_back_alley_shop
Vaults:5
Crypt:1:  layout_misc_corridors, roderic_lattice_octagonal_star
Crypt:2:  layout_regular_city, lemuel_elevator, uniq_mennas, uniq_margery
Crypt:3:  quadcrypt_mu, uniq_grunn, uniq_josephina
Tomb:1
Tomb:2
Tomb:3
Depths:1: layout_cave_shapes, chequers_serial_rivers_small_a, hell_entry,
          minivault_1, nicolae_benzene_ring, kennysheep_two_boxes,
          uniq_asterion, uniq_nikola, uniq_enchantress
Depths:2: minmay_octo_star, layout_honeycomb, minmay_misc_feat_tower,
          rand_demon_pan_entry_9, hangedman_abyss_entry_splay, enter_trove_0,
          hangedman_coc_ice_floe, grunt_ministairs_6, serial_bayou_shore_b
Depths:3: dreamdust_experimentation, layout_honeycomb,
          nicolae_gozag_seed_capital, regret_index_abyss_entry_earlier_magic,
          grunt_hell_entry_dis_old, nemelex_spade_bored_becter,
          infiniplex_staircase_pillars_3b
Depths:4: grunt_zot_entry_funnels, layout_cave_pools, enter_ziggurat_c,
          hell_entry, serial_sigils_hangedman_clutch, hangedman_decor_growths,
          kennysheep_crisscross, grunt_ministairs_11, serial_bayou_shore_b
Hell
Zot:1:    layout_onion_interference, gammafunk_ghost_necromancy,
          regret_index_zotdec_dark_gr, st_small_dragon_hoard_3
Zot:2:    layout_gridlike, regret_index_zotdec_silver_v_v_orig_slice
Zot:3:    layout_misc_corridors, bh_zot_ikea_curve
Zot:4:    layout_gridlike
Zot:5:    layout_misc_corridors

Skill      XL: |  1  2  3  4  5  6  7  8  9 10 11 12 13 14 15 16 17 18 19 20 21 22 23 24 25 26 27 |
---------------+----------------------------------------------------------------------------------+-----
Dodging        | 2 3 4 8 11 12 13 15 | 15.5
Unarmed Combat | 4 6 7 8 10 11 13 14 16 17 18 19 20 21 22 23 24 27 | 27.0
Shapeshifting  | 1 2 3 4 5 6 8 9 10 11 13 14 15 16 17 18 19 20 21 27 | 27.0
Fighting       | 3 4 5 6 7 8 9 10 11 12 13 14 15 17 18 20 21 22 27 | 27.0
Shields        | 2 4 5 7 8 9 11 12 13 14 15 16 17 18 27 | 27.0
Throwing       | 17 | 17.7
Evocations     | 18 | 18.3

Action                     |  1- 3 |  4- 6 |  7- 9 | 10-12 | 13-15 | 16-18 | 19-21 | 22-24 | 25-27 || total
---------------------------+-------+-------+-------+-------+-------+-------+-------+-------+-------++-------
  Melee: Unarmed           |   101 |   105 |   318 |   544 |   952 |   666 |  1371 |   903 |  5260 || 10220
         Punch             |     3 |     2 |     2 |       |       |       |       |       |       ||     7
         Morningstar       |       |       |       |     6 |    24 |       |       |       |       ||    30
         Scimitar          |       |       |       |       |       |    26 |       |       |       ||    26
         Headbutt          |       |       |       |       |       |       |    67 |   196 |   412 ||   675
         Kick              |       |       |       |       |       |       |       |       |   200 ||   200
  Throw: Dart              |       |       |       |     6 |       |     1 |       |       |       ||     7
         Throwing net      |       |       |       |     1 |       |       |       |       |       ||     1
         Javelin           |       |       |       |       |       |       |       |       |     2 ||     2
 Invoke: Serpent's Lash    |       |       |       |       |       |     4 |     6 |     8 |    34 ||    52
         Heavenly Storm    |       |       |       |       |       |       |     2 |     3 |    19 ||    24
Ability: Lunge             |       |       |       |       |       |    54 |   172 |    87 |   603 ||   916
         Whirlwind         |       |       |       |       |       |    62 |   259 |   138 |   727 ||  1186
         Wall Jump         |       |       |       |       |       |     4 |     3 |       |    13 ||    20
  Evoke: Wand              |       |       |       |       |     3 |       |       |       |     1 ||     4
    Use: Scroll            |     4 |     2 |     3 |    17 |    10 |     9 |     9 |    11 |    29 ||    94
         Potion            |       |       |       |     2 |     4 |     4 |     6 |     5 |    50 ||    71
   Stab: Sleeping          |     1 |       |     1 |       |       |       |       |       |     4 ||     6
         Petrifying        |       |     1 |       |       |       |       |       |       |     2 ||     3
         Confused          |       |       |       |     6 |       |     1 |       |       |       ||     7
         Invisible         |       |       |       |       |    12 |     1 |       |       |     3 ||    16
         Petrified         |       |       |       |       |     4 |       |       |       |     1 ||     5
         Distracted        |       |       |       |       |       |       |     1 |       |    14 ||    15
 Armour: Robe              |    65 |    49 |   161 |    59 |       |       |       |       |       ||   334
         Skin              |       |       |       |    10 |       |   817 |   972 |   599 |  2436 ||  4834
         Troll leather arm |       |       |       |   232 |   504 |     1 |       |       |       ||   737
  Dodge: Dodged            |    42 |    37 |    89 |   102 |   148 |   401 |   496 |   228 |  1108 ||  2651
  Block: Other             |     8 |    21 |     5 |       |       |       |       |       |       ||    34
         Reflection        |       |     1 |     3 |    16 |    15 |    26 |       |       |       ||    61
         Kite shield       |       |       |   160 |   239 |       |       |       |       |       ||   399
         Tower shield      |       |       |       |   210 |   939 |   856 |  1360 |  1135 |  5303 ||  9803
   Form: Statue            |       |       |       |       |       |     1 |     2 |       |       ||     3
                           |       |       |       |       |       |       |     2 |       |       ||     2

Table legend: (Time is in decaauts)
 A = Elapsed time spent in this place.
 B = Non-inter-level travel time spent in this place.
 C = Inter-level travel time spent in this place.
 D = Time resting spent in this place.
 E = Time spent auto-exploring this place.
 F = Levels seen in this place.
 G = Mean time per level.
                   A        B        C        D        E       F      G
               +--------+--------+--------+--------+--------+-----+--------+
         Total |  99450 |  88329 |  11121 |   3824 |  46386 |  93 | 1069.4 |
       Dungeon |  16798 |  13485 |   3313 |    541 |   9326 |  15 | 1119.9 |
          Lair |   6303 |   5370 |    933 |    354 |   3308 |   5 | 1260.6 |
         Swamp |   4207 |   4012 |    195 |    307 |   2662 |   4 | 1051.8 |
     Snake Pit |   4896 |   4452 |    444 |    114 |   2736 |   4 | 1224.0 |
    Slime Pits |   3191 |   2836 |    355 |     21 |   1890 |   5 |  638.2 |
  Orcish Mines |   2555 |   1936 |    619 |     66 |   1102 |   2 | 1277.5 |
   Elven Halls |   5483 |   4754 |    729 |    417 |   1881 |   3 | 1827.7 |
        Vaults |   9632 |   8438 |   1194 |    254 |   5139 |   5 | 1926.4 |
         Crypt |   3255 |   2885 |    370 |      0 |   1824 |   3 | 1085.0 |
          Tomb |   4209 |   3744 |    465 |    734 |    175 |   3 | 1403.0 |
        Depths |   7564 |   5952 |   1612 |    177 |   4003 |   4 | 1891.0 |
          Hell |    867 |    708 |    159 |     30 |    372 |   1 |  867.0 |
           Zot |   5817 |   5087 |    730 |    168 |   2598 |   5 | 1163.4 |
         Abyss |   3505 |   3505 |      0 |      0 |    277 |   7 |  500.7 |
   Pandemonium |  18789 |  18789 |      0 |    605 |   8319 |  13 | 1445.3 |
      Ziggurat |    461 |    461 |      0 |     18 |      0 |  10 |   46.1 |
         Trove |     38 |     38 |      0 |      0 |      0 |   1 |   38.0 |
       Volcano |    273 |    273 |      0 |     14 |     15 |   1 |  273.0 |
        Wizlab |    456 |    456 |      0 |      0 |    130 |   1 |  456.0 |
    Desolation |   1143 |   1143 |      0 |      0 |    624 |   1 | 1143.0 |
               +--------+--------+--------+--------+--------+-----+--------+

Top non-repeatable levels by time:
Depths:2: 2453 daAuts
    D:11: 2365 daAuts
  Tomb:1: 2206 daAuts
   Elf:3: 2202 daAuts
Vaults:5: 2118 daAuts
Vaults:1: 2092 daAuts
Vaults:4: 1905 daAuts
Vaults:2: 1893 daAuts
Depths:3: 1891 daAuts
 Abyss:3: 1807 daAuts
Depths:1: 1763 daAuts
    D:14: 1747 daAuts
  Lair:5: 1726 daAuts
   Elf:2: 1673 daAuts
  Lair:2: 1636 daAuts
